 Dungeon Crawl Stone Soup version 0.20.1-1-g8b1a95d (webtiles) character file.

1879999 McKennaii the End of an Era (level 27, 0/249 HPs)
             Began as a Demonspawn Fighter on Sept 24, 2017.
             Was the Champion of Qazlal.
             Hit by an earth elemental thrown by iron giant (1 damage)
             ... on level 18 of a ziggurat on Sept 25, 2017.
             The game lasted 11:40:31 (162706 turns).

McKennaii the End of an Era (Demonspawn Fighter)  Turns: 162706, Time: 11:40:31

Health: 0/249      AC: 50    Str: 31    XL:     27
Magic:  0/63       EV: 31    Int: 20    God:    Qazlal [******]
Gold:   16130      SH: 45    Dex: 23    Spells: 0/80 levels left

rFire    + + .     SeeInvis +   Z - +10 broad axe of the Dungeon {pain, rN+ Dex+4 Stlth+}
rCold    + + .     Gourm    .   V - +8 large shield {reflect}
rNeg     + + +     Faith    .   h - +8 orange crystal plate armour {Archmagi, Int+3 Clar}
rPois    +         Spirit   +   J - +0 helmet of the Seventy-Seven Gods {rPois rC+ rN+ MP+9}
rElec    +         Reflect  +   W - +1 cloak of Starlight {rElec rC+ EV+4 Stlth--}
rCorr    +         Harm     .   Y - +1 pair of gloves of the Maze {rC- rN+++ MR+ rCorr}
MR       +++++     Clarity  +   (boots unavailable)
Stlth    ..........             y - amulet "Moashric" {Regen+ Int+3 Dex+3}
Regen    1.0/turn               U - ring "Pixziuh" {rPois rF+ rC+ Str+6 Slay+3}
MPRegen  0.8/turn               v - ring of the Mage {Wiz MR++ Int+3}

@: protected from physical damage, corroded, sanguine armour, very slightly
contaminated, studying 2 skills, repel missiles
A: hooves 3, see invisible, clarity, fire resistance 1, hurl damnation, spiny 3,
magic shield, magic regeneration, magic link, flame cloud immunity, sanguine
armour 3
}: 15/15 runes: barnacled, slimy, silver, golden, iron, obsidian, icy, bone,
abyssal, demonic, glowing, magical, fiery, dark, gossamer
a: Hurl Damnation, Upheaval, Elemental Force, Disaster Area, Renounce Religion


You were on level 18 of a ziggurat.
You worshipped Qazlal.
Qazlal was exalted by your worship.
You were hungry.

You visited 18 branches of the dungeon, and saw 90 of its levels.
You visited Pandemonium 1 time, and saw 17 of its levels.
You visited the Abyss 5 times.
You visited 4 ziggurats (completing 2), and saw 97 of their levels.
You also visited: Trove and Bailey.

You collected 21393 gold pieces.
You spent 5263 gold pieces at shops.

Inventory:

Hand Weapons
 Z - the +10 broad axe of the Dungeon (weapon) {pain, rN+ Dex+4 Stlth+}
   (You found it on level 17 of a ziggurat)

   In the hands of one skilled in necromantic magic, it inflicts extra damage on
   living creatures.
   It affects your dexterity (+4).
   It protects you from negative energy.
   It makes you more stealthy.
Armour
 h - the +8 orange crystal plate armour (worn) {Archmagi, Int+3 Clar}
   (You bought it in a shop on level 2 of the Orcish Mines)

   It affects your intelligence (+3).
   It protects you against confusion.
 J - the +0 helmet of the Seventy-Seven Gods (worn) {rPois rC+ rN+ MP+9}
   (You found it on level 8 of the Dungeon)

   It protects you from cold.
   It protects you from poison.
   It protects you from negative energy.
   It affects your magic capacity (+9).
 V - a +8 large shield of reflection (worn)
 W - the +1 cloak of Starlight (worn) {rElec rC+ EV+4 Stlth--}
   (You found it on level 17 of a ziggurat)

   It affects your evasion (+4).
   It protects you from cold.
   It insulates you from electricity.
   It makes you much less stealthy.
 Y - the +1 pair of gloves of the Maze (worn) {rC- rN+++ MR+ rCorr}
   (You found it on level 3 of the Elven Halls)

   It makes you vulnerable to cold.
   It renders you almost immune to negative energy.
   It affects your resistance to hostile enchantments.
   It protects you from acid and corrosion.
Jewellery
 j - the ring of Womnajam {rF+ MP+9 Str+4 Slay+3 SInv}
   (You found it on level 5 of the Vaults)

   [ring of see invisible]

   It affects your strength (+4).
   It affects your accuracy and damage with ranged weapons and melee attacks
   (+3).
   It protects you from fire.
   It affects your magic capacity (+9).
   It lets you see invisible.
 v - the ring of the Mage (right hand) {Wiz MR++ Int+3}
   (You found it on level 16 of a ziggurat)

   [ring of wizardry]

   It improves your spell success rate.
   It affects your intelligence (+3).
   It affects your resistance to hostile enchantments.
 y - the amulet "Moashric" (around neck) {Regen+ Int+3 Dex+3}
   (You found it in a treasure trove)

   [amulet of regeneration]

   It affects your intelligence (+3).
   It affects your dexterity (+3).
   It increases your rate of regeneration.
 U - the ring "Pixziuh" (left hand) {rPois rF+ rC+ Str+6 Slay+3}
   (You found it on level 21 of a ziggurat)

   [ring of strength]

   It affects your strength (+6).
   It affects your accuracy and damage with ranged weapons and melee attacks
   (+3).
   It protects you from fire.
   It protects you from cold.
   It protects you from poison.
Wands
 w - a wand of scattershot (3/9)
Scrolls
 e - 19 scrolls of identify
 i - 17 scrolls of enchant armour
 l - 57 scrolls of remove curse
 n - 31 scrolls of recharging
 s - 49 scrolls of teleportation
 x - 41 scrolls of fog
 z - 37 scrolls of enchant weapon
 A - 39 scrolls of amnesia
 B - 25 scrolls of magic mapping
 E - 17 scrolls of silence
 F - a scroll of summoning
 K - 17 scrolls of blinking
 S - 15 scrolls of fear
Potions
 a - 9 potions of might
 c - 11 potions of resistance
 m - 17 potions of curing
 o - a potion of ambrosia
 p - 4 potions of berserk rage
 q - 13 potions of magic
 r - 13 potions of haste
 t - 12 potions of agility
 u - 13 potions of brilliance
 D - 18 potions of mutation
 M - 15 potions of flight
 O - 6 potions of invisibility
 Q - 7 potions of cancellation
Books
 b - a manual of Charms
 d - a manual of Summonings
Miscellaneous
 R - the horn of Geryon
Comestibles
 f - 51 bread rations
 g - 21 meat rations
 k - 45 fruits
 I - 68 royal jellies


   Skills:
 O Level 27 Fighting
 O Level 27 Axes
   Level 1.6(18.8) Polearms
   Level 2.3(2.6) Staves
   Level 1.0 Crossbows
 O Level 27 Armour
 O Level 27 Dodging
 * Level 15.6 Stealth
 O Level 27 Shields
 - Level 2.4 Unarmed Combat
 O Level 27 Spellcasting
 O Level 27 Conjurations
 - Level 18.9 Charms
 + Level 10.0 Summonings
 O Level 27 Necromancy
 * Level 26.3 Translocations
 O Level 27 Fire Magic
 O Level 27 Air Magic
 * Level 18.2 Earth Magic
 O Level 27 Invocations
 * Level 25.5 Evocations


You couldn't memorise any spells.
You knew the following spells:

 Your Spells              Type           Power        Failure   Level  Hunger
a - Song of Slaying       Chrm           ########     0%          2    None
b - Regeneration          Chrm/Necr      ########..   0%          3    None
c - Tornado               Air            ########..   9%          9    #######
d - Dispersal             Tloc           ########..   1%          6    #......
e - Fire Storm            Conj/Fire      ########..   9%          9    #######
f - Lehudib's Crystal Sp  Conj/Erth      ########..   2%          8    ######.
g - Ignition              Fire           ########..   1%          8    ######.
h - Shroud of Golubria    Chrm/Tloc      ########..   0%          2    None
i - Blink                 Tloc           N/A          0%          2    None
j - Chain Lightning       Conj/Air       ########..   1%          8    ######.
k - Controlled Blink      Tloc           N/A          1%          8    ######.
l - Borgnjor's Revivific  Necr           ########..   1%          8    ######.
m - Ring of Flames        Chrm/Fire      ########..   1%          7    ####...


Dungeon Overview and Level Annotations

Branches:
Dungeon (15/15)            Temple (1/1) D:5            Lair (6/6) D:11
 Shoals (4/4) Lair:4       Spider (4/4) Lair:3        Slime (5/5) Lair:6
    Orc (2/2) D:9             Elf (3/3) Orc:2        Vaults (5/5) D:14
  Crypt (3/3) Vaults:3       Tomb (3/3) Crypt:3      Depths (5/5) D:15
   Hell (1/1)                 Dis (7/7) Hell            Geh (7/7) Hell
    Coc (7/7) Hell            Tar (7/7) Hell            Zot (5/5) Depths:5

Altars:
Ashenzari
Cheibriados
Dithmenos
Elyvilon
Fedhas
Gozag
Hepliaklqana
Kikubaaqudgha
Makhleb
Nemelex Xobeh
Okawaru
Qazlal
Ru
Sif Muna
Trog
Uskayaw
Vehumet
Xom
Yredelemnul
Zin
The Shining One

Shops:
D:5 *   D:7 *:(   D:13 (   Orc:2 [[((*   Elf:1 [   Depths:2 *[=

Portals:
Hell: Depths:1 Depths:2 Depths:3 Depths:4 Depths:5
Abyss: Depths:3 Depths:4
Pandemonium: Depths:2 Depths:3 Depths:5


Innate Abilities, Weirdness & Mutations

You have hooves in place of feet.
Your flesh is heat resistant. (rF+)
You can hurl damnation.
You are completely covered in sharp spines.
When hurt, damage is shared between your health and your magic reserves.
You regenerate magic rapidly.
When low on magic, you restore magic in place of health.
You are immune to clouds of flame.
When seriously injured, your bleeding wounds create very thick armour. (AC +12)
You have supernaturally acute eyesight. (SInv)
You possess an exceptional clarity of mind.


Message History

The iron giant throws the torpor snail at you!
* * * LOW HITPOINT WARNING * * *
You block the torpor snail's attack.
Unknown command.
Unknown command.
Okay, then.
Okay, then.
Casting: Ignition
Confirm with . or Enter, or press ? or * to list all spells.
Okay, then.
Blink to where?
Press: ? - help, Dir - move target cursor
As you read the scroll of blinking, it crumbles to dust.
You feel yourself speed up. Magic courses through your body.
The Hell Sentinel gestures at something.
The sphere of damnation explodes!
The damnation engulfs you!
* * * LOW HITPOINT WARNING * * *
The iron giant throws the earth elemental at you!
You die...

▓▓▓▓▓▓▓▓▓
.......E@▓▓
......§§88▓▓
........88.▓▓
............▓▓
).........8..▓▓
)(...).C11...w▓▓
).†...†).)..EE.▓▓
(.....).).)).§∩.▓
..).E(†))†(....▓▓


You could see an iron giant, 2 Hell Sentinels, an iron golem, a torpor snail and
3 earth elementals.

Vanquished Creatures
  Cerebov (Pan)
  Asmodeus (Geh:7)
  Antaeus (Coc:7)
  the Royal Jelly (Slime:5)
  Ereshkigal (Tar:7)
  Gloorx Vloq (Pan)
  the Serpent of Hell (Dis:7)
  A seraph (Pan)
  Lom Lobon (Pan)
  Mnoleg (Pan)
  The ghost of sadgrasan the Axe Maniac, a legendary FoFi of the Shining One (Zig:16)
  38 ancient liches
  Khufu (Crypt:1)
  Dispater (Dis:7)
  4 orbs of fire
  Mara (Depths:2)
  13 juggernauts
  Boris (Crypt:1)
  85 greater mummies
  63 pandemonium lords
  Bai Suzhen (Vaults:2)
  35 Killer Klowns
  45 shard shrikes
  4 curse toes
  13 caustic shrikes
  A caustic shrike (shapeshifter) (Depths:4)
  A golden dragon (shapeshifter) (Depths:4)
  Jory (Crypt:1)
  27 golden dragons
  Geryon (Hell)
  3 pearl dragons
  51 bone dragons
  10 profane servitors
  24 doom hounds
  57 Tzitzimimeh
  Jorgrun (Shoals:2)
  31 iron giants
  2 electric golems (Zot:5)
  4 hellephants
  52 Brimstone Fiends
  42 Hell Sentinels
  38 liches
  32 tentacled monstrosities
  53 Ice Fiends
  Rupert (D:14)
  A shard shrike skeleton (Crypt:1)
  Asterion (Elf:3)
  25 Orb Guardians (Zot:5)
  4 quicksilver dragons (shapeshifter)
  8 quicksilver dragons
  10 deep elf blademasters
  8 deep elf master archers
  21 titans
  56 Executioners
  The ghost of gwathlobal the Bludgeoner, an adept TrCK of Xom (Spider:4)
  76 acid blobs
  16 death cobs
  3 sphinxes (shapeshifter) (Zig:18)
  19 sphinxes
  22 tentacled starspawn
  The ghost of DeXoteric the Executioner, an adept HOBe of Trog (D:15)
  43 ancient champions
  17 eldritch tentacles
  The ghost of tailblues the Spry, an adept FeTm of Elyvilon (Vaults:3)
  3 storm dragons (shapeshifter)
  44 shadow dragons
  A shadow dragon (shapeshifter) (Zig:16)
  23 storm dragons
  29 revenants
  2 thorn hunters
  22 warmongers
  2 azure jellies (shapeshifter)
  Ilsuiw (Shoals:4)
  16 tengu reavers
  30 draconian knights
  7 draconian monks
  23 daevas
  14 fire giants
  4 fire giants (shapeshifter)
  29 vault wardens
  2 frost giants (shapeshifter) (Zig:25)
  23 frost giants
  24 deep elf sorcerers
  34 ghost moths
  44 nagarajas
  27 iron dragons
  30 azure jellies
  An emperor scorpion (shapeshifter) (Vaults:4)
  2 iron dragons (shapeshifter)
  148 large abominations
  6 caustic shrike zombies
  24 draconian scorchers
  15 emperor scorpions
  6 deep elf elementalists
  22 corrupters
  67 balrugs
  50 cacodemons
  42 orc warlords
  A spectral caustic shrike (Zig:23)
  43 angels
  27 black suns
  7 juggernaut zombies
  2 caustic shrike skeletons
  7 juggernaut skeletons
  193 reapers
  9 draconian shifters
  24 ironheart preservers
  A spriggan defender (Depths:2)
  8 draconian stormcallers
  2 elemental wellsprings
  6 ghouls
  15 curse skulls
  29 draconian annihilators
  16 ophanim
  2 stone giants (shapeshifter)
  47 very ugly things
  55 stone giants
  42 war gargoyles
  34 entropy weavers
  44 blood saints
  10 deep elf demonologists
  16 black draconians
  38 apis
  18 bennus
  43 vampire knights
  A spectral titan (Zig:23)
  8 dire elephants (shapeshifter)
  17 green draconians
  21 lorocyprocas
  The ghost of tailblues the Covert, a journeyman FeTm of Sif Muna (Shoals:1)
  33 deep elf annihilators
  8 spark wasps
  17 white draconians
  14 yellow draconians
  16 purple draconians
  17 red draconians
  26 eidola
  3 dire elephants (Zig:13)
  13 ettins
  2 spark wasps (shapeshifter)
  11 death oozes
  19 crystal guardians
  68 blizzard demons
  61 mummy priests
  14 fire dragons
  27 deep elf death magi
  14 quicksilver dragon zombies
  16 green deaths
  28 jiangshi
  18 merfolk impalers
  A fire dragon (shapeshifter) (Vaults:4)
  12 deep elf high priests
  21 merfolk javelineers
  14 rakshasas
  A minotaur (shapeshifter) (Depths:4)
  30 yaktaur captains
  4 kraken zombies
  2 caustic shrike simulacra
  9 hell beasts
  Erolcha (D:12)
  21 hydras
  34 great orbs of eyes
  Fannar (Lair:3)
  An ice dragon (shapeshifter) (Depths:2)
  64 ice dragons
  11 naga warriors
  2 catoblepae (Zig:13)
  4 ghost crabs
  13 quicksilver dragon skeletons
  17 monstrous demonspawn
  A catoblepas (shapeshifter) (Zig:18)
  33 vault guards
  9 death knights
  3 alligator snapping turtles
  18 centaur warriors
  2 hydras (shapeshifter)
  19 merfolk aquamancers
  6 satyrs
  2 spectral tengu (Zig:23)
  An alligator (Zig:8)
  3 alligator snapping turtles (shapeshifter)
  30 death scarabs
  3 anacondas (shapeshifter)
  7 deep troll shamans
  9 merfolk avatars
  The ghost of letownia the Martial Artist, a journeyman OpTm of Gozag (D:10)
  A two-headed ogre (shapeshifter) (Zig:21)
  4 anacondas
  15 spriggan air magi
  60 two-headed ogres
  2 death yaks
  41 ogre magi
  54 dancing weapons
  11 tengu warriors
  53 vampire magi
  7 deep troll earth magi
  19 titan zombies
  50 hell hogs
  6 holy swine (Pan)
  11 naga sharpshooters
  18 thrashing horrors
  34 small abominations
  A satyr (shapeshifter) (Zig:20)
  2 spriggan berserkers
  49 orc high priests
  118 sun demons
  34 shadow wraiths
  4 shock serpents
  265 skeletal warriors
  44 deep elf knights
  21 titan skeletons
  31 iron golems
  58 hell knights
  35 iron trolls
  15 storm dragon zombies
  103 soul eaters
  28 wretched stars
  A fire crab (shapeshifter) (Abyss:4)
  8 salamander mystics
  10 storm dragon skeletons
  2 death drakes (shapeshifter)
  An entropy weaver zombie (Crypt:2)
  2 deep trolls (shapeshifter)
  48 sixfirhies
  9 spatial maelstroms
  A glowing orange brain (shapeshifter) (Zig:20)
  47 shadow demons
  25 sea snakes
  3 spark wasp zombies
  17 cherubim
  18 infernal demonspawn
  36 deep trolls
  4 sea snakes (shapeshifter)
  9 unseen horrors
  6 spriggan druids
  29 anaconda zombies
  14 glowing orange brains
  8 death drakes
  12 torturous demonspawn
  19 anaconda skeletons
  4 ghost moth zombies
  A quicksilver dragon simulacrum (Zig:27)
  5 sphinx zombies
  12 gelid demonspawn
  14 golden dragon zombies
  45 flayed ghosts
  13 tengu zombies
  5 swamp dragons (shapeshifter)
  30 deep elf archers
  10 shadow dragon zombies
  4 obsidian statues (Depths:4)
  A shambling mangrove (Zig:1)
  10 wolf spider zombies
  30 ironbrand convokers
  9 naga ritualists
  9 golden dragon skeletons
  24 wizards
  An iron giant skeleton (Crypt:3)
  100 deep elf magi
  68 ugly things
  3 orange crystal statues
  33 harpies
  5 swamp dragons (Zig:18)
  34 necromancers
  A lindwurm (Lair:6)
  4 mana vipers
  A lindwurm (shapeshifter) (Depths:2)
  32 orc knights
  42 orb spiders
  71 wolf spiders
  Pikel (D:5)
  21 fire giant zombies
  4 manticores (shapeshifter)
  15 stone giant zombies
  A wolf spider (shapeshifter) (Zig:20)
  40 phantasmal warriors
  An orb spider (shapeshifter) (Depths:4)
  16 iron dragon zombies
  3 sphinx skeletons
  A shining eye (shapeshifter) (Depths:4)
  6 shadow dragon skeletons
  A faun (shapeshifter) (Zig:16)
  24 shining eyes
  38 orc sorcerers
  16 cyclopes
  20 frost giant zombies
  2 salamanders (shapeshifter)
  2 cyclopes (shapeshifter)
  40 manticores
  4 salamanders
  22 fauns
  20 iron dragon skeletons
  2 elephants (shapeshifter)
  111 rust devils
  76 moths of wrath
  A shock serpent zombie (Tar:7)
  A glowing shapeshifter (Depths:4)
  4 elephants
  9 stone giant skeletons
  14 fire giant skeletons
  6 worldbinders
  9 oklob plants
  25 merfolk sirens
  31 vault sentinels
  14 frost giant skeletons
  A black mamba (shapeshifter) (Zig:21)
  A spectral elf (Zig:23)
  19 naga magi
  85 smoke demons
  An eye of devastation (shapeshifter) (Zig:16)
  2 titan simulacra
  20 apocalypse crabs
  40 black mambas
  21 molten gargoyles
  10 dire elephant zombies
  7 emperor scorpion zombies
  15 gargoyles
  7 guardian serpents
  13 eyes of devastation
  A torpor snail (shapeshifter) (Zig:18)
  3 storm dragon simulacra
  2 ice statues (Coc:7)
  22 water nymphs
  50 orange demons
  An elephant slug zombie (Crypt:2)
  21 spiny frogs
  13 torpor snails
  88 hellions
  A shock serpent skeleton (Geh:7)
  2 kobold demonologists (Abyss:4)
  139 tormentors
  A catoblepas zombie (Dis:2)
  11 komodo dragons
  95 freezing wraiths
  5 anaconda simulacra
  20 efreet
  2 rime drakes (shapeshifter)
  101 ice devils
  15 dire elephant skeletons
  A redback zombie (D:14)
  A purple draconian zombie (Dis:3)
  A komodo dragon (shapeshifter) (Vaults:3)
  60 yaktaurs
  2 yaktaurs (shapeshifter)
  71 demonic crawlers
  15 rime drakes
  A grey draconian skeleton (Crypt:1)
  34 hellwings
  2 golden dragon simulacra
  94 red devils
  29 ancient zymes
  A black draconian skeleton (Crypt:1)
  A white draconian skeleton (Tar:7)
  108 merfolk
  7 silent spectres
  The ghost of mimosa the Chopper, an amateur HOBe of Trog (D:4)
  An iron troll skeleton (Crypt:1)
  129 guardian mummies
  4 harpy zombies
  5 tengu conjurers
  2 minotaur zombies
  17 trolls
  5 tyrant leeches
  8 harpy skeletons
  59 jumping spiders
  12 wind drakes
  2 queen bees (shapeshifter)
  A jumping spider (shapeshifter) (Zig:15)
  3 hornets (shapeshifter)
  2 polar bears
  2 trolls (shapeshifter)
  A wind drake (shapeshifter) (D:14)
  23 hornets
  37 hydra zombies
  A minotaur skeleton (Tar:7)
  40 raiju
  18 hydra skeletons
  12 bog bodies
  4 slime creatures (shapeshifter)
  A shadow dragon simulacrum (Coc:7)
  A sphinx simulacrum (Zig:25)
  4 dream sheep (Shoals:2)
  16 hippogriffs
  A tyrant leech (shapeshifter) (Depths:4)
  Grinder (D:6)
  24 blink frogs
  5 ice dragon zombies
  200 slime creatures
  2 tengu simulacra (Zig:25)
  2 frost giant simulacra
  A stone giant simulacrum (Abyss:3)
  A hippogriff (shapeshifter) (Abyss:4)
  19 ettin zombies
  17 snapping turtles
  11 fire dragon zombies
  9 fire dragon skeletons
  3 fire giant simulacra
  21 alligator zombies
  A centaur simulacrum (D:14)
  75 redbacks
  282 flying skulls
  3 black mamba zombies
  A spriggan (shapeshifter) (Zig:9)
  45 tarantellas
  3 redbacks (shapeshifter)
  13 ettin skeletons
  65 shadows
  58 water elementals
  21 vampires
  90 wraiths
  13 ice dragon skeletons
  4 alligator skeletons
  3 black mamba skeletons
  15 air elementals
  17 wyverns
  A wyvern (shapeshifter) (Vaults:4)
  A dire elephant simulacrum (Coc:7)
  A yak (shapeshifter) (Zig:19)
  A spriggan (Lair:2)
  3 tarantellas (shapeshifter)
  Eustachio (D:3)
  16 humans
  89 ynoxinuls
  60 yaks
  9 basilisks
  A fire bat (Zig:27)
  64 fire elementals
  13 golden eyes
  A hog (shapeshifter) (Zig:20)
  77 ushabtiu
  Grum (D:9)
  4 vampire mosquitoes
  4 steam dragons
  2 spriggan simulacra
  7 hungry ghosts
  40 neqoxecs
  66 chaos spawn
  16 wargs
  6 acid dragons
  10 nagas
  26 water moccasins
  A warg (shapeshifter) (D:12)
  A spatial vortex (Abyss:4)
  19 spiny frog zombies
  A naga (shapeshifter) (Zig:18)
  A soldier ant (D:9)
  2 swamp worms (shapeshifter)
  8 floating eyes
  9 insubstantial wisps
  A soldier ant (shapeshifter) (Zig:20)
  4 swamp drakes (Zig:18)
  3 hydra simulacra
  7 porcupines
  130 hell hounds
  2 acid dragons (shapeshifter)
  2 merfolk zombies
  3 merfolk skeletons
  2 black bears
  A floating eye (shapeshifter) (Zig:19)
  108 orc warriors
  A torturous demonspawn skeleton (Geh:4)
  7 elf simulacra
  8 sky beasts
  A slave (D:5)
  10 spiny frog skeletons
  An ice dragon simulacrum (Coc:3)
  23 phantoms
  23 ice beasts
  5 manticore zombies
  6 swamp dragon zombies
  28 eyes of draining
  47 necrophages
  An alligator simulacrum (Coc:7)
  An ettin simulacrum (Abyss:3)
  5 snapping turtle zombies
  A fire dragon simulacrum (Coc:5)
  A boggart (shapeshifter) (Abyss:2)
  96 ogres
  11 boggarts
  A tengu (shapeshifter) (Depths:4)
  7 swamp dragon skeletons
  18 wolves
  35 centaurs
  13 snapping turtle skeletons
  24 crocodiles
  The ghost of letownia the Insei, an amateur OpTm (D:5)
  2 manticore skeletons
  A hog skeleton (Crypt:1)
  9 big kobolds
  A lindwurm skeleton (Crypt:3)
  2 bullfrogs (shapeshifter)
  16 elf zombies
  A gnoll sergeant (D:13)
  21 bullfrogs
  14 earth elementals
  14 elf skeletons
  3 spiny frog simulacra
  2 wyvern skeletons
  12 spriggan zombies
  8 scorpions
  3 troll zombies
  A queen bee zombie (Crypt:3)
  129 wights
  A manticore simulacrum (Coc:5)
  2 snapping turtle simulacra
  5 spriggan skeletons
  7 electric eels
  4 troll skeletons
  27 crimson imps
  A lava snake (D:15)
  2 bullfrog zombies
  7 centaur zombies
  A hound (shapeshifter) (Depths:4)
  A human simulacrum (Vaults:2)
  9 quasits
  102 starcursed masses
  8 human zombies
  2 hounds
  6 jellies
  3 bullfrog skeletons
  23 orc priests
  28 orc wizards
  Crazy Yiuf (D:6)
  8 centaur skeletons
  108 iron imps
  8 iguanas
  5 human skeletons
  A lightning spire (Zig:10)
  A porcupine zombie (Crypt:2)
  10 worker ants
  2 killer bee zombies
  A hound zombie (Crypt:1)
  7 tengu skeletons
  2 naga skeletons
  205 mummies
  A howler monkey zombie (Crypt:2)
  A worker ant zombie (D:9)
  14 adders
  8 gnolls
  28 shadow imps
  43 white imps
  6 ufetubi
  5 oozes
  An adder zombie (D:8)
  2 adder skeletons
  6 ball lightnings (Pan)
  A barachi skeleton (Crypt:1)
  3 dart slugs
  5 leopard geckos
  96 orcs
  6 giant cockroaches
  8 goblins
  8 hobgoblins
  A hobgoblin (shapeshifter) (Depths:5)
  5 quokkas
  8 bats
  4 frilled lizards
  A giant cockroach zombie (D:5)
  A goblin skeleton (Crypt:1)
  A hobgoblin zombie (Crypt:3)
  A jackal skeleton (D:7)
  19 kobolds
  2 kobold skeletons
  A leopard gecko zombie (D:5)
  2 orc skeletons
  4 orc zombies
  A quokka skeleton (Crypt:3)
  A quokka zombie (Crypt:2)
  5 rats
  A block of ice (Pan)
  7 briar patches (Zig:5)
  2 butterflies (Lair:3)
  2 crawling corpses (Elf:1)
  2 demonic plants (Pan)
  21 fire vortices
  3 fungi
  3 lurking horrors
  67 plants
  19 starspawn tentacles
  8 tentacles
11436 creatures vanquished.

Vanquished Creatures (collateral kills)
  A pandemonium lord (Zig:25)
  A Brimstone Fiend (Dis:7)
2 creatures vanquished.

Vanquished Creatures (others)
  A Killer Klown (Zig:18)
  5 pandemonium lords
  2 Hell Sentinels (Dis:7)
  An iron giant (Zig:9)
  A lich (Zig:22)
  A quicksilver dragon (shapeshifter) (Zig:16)
  2 deep elf master archers (Elf:3)
  3 eldritch tentacles
  A sphinx (shapeshifter) (Zig:25)
  A tengu reaver (Zig:22)
  An Executioner (Pan)
  A thorn hunter (Zig:8)
  A revenant (Tomb:2)
  A sphinx (Tomb:1)
  2 nagarajas (Zig:22)
  A fire giant (Geh:7)
  2 draconian knights
  A fire giant (shapeshifter) (Zig:18)
  A ghost moth (Zot:5)
  A warmonger (Zig:17)
  3 deep elf sorcerers
  A draconian shifter (Zot:3)
  A war gargoyle (Depths:4)
  5 stone giants
  An elemental wellspring (Coc:7)
  A blood saint (Pan)
  A black draconian (Depths:5)
  A lorocyproca (Pan)
  A deep elf annihilator (Zig:12)
  A spark wasp (shapeshifter) (Zig:25)
  10 merfolk javelineers
  A quicksilver dragon zombie (Coc:5)
  2 blizzard demons (Pan)
  A yaktaur captain (Vaults:5)
  2 centaur warriors
  A spriggan air mage (Zig:22)
  A merfolk aquamancer (Zig:21)
  6 death scarabs
  2 naga sharpshooters
  5 satyrs
  3 hell hogs
  4 deep elf knights
  A shadow wraith (Vaults:2)
  An unseen horror (shapeshifter) (Zig:15)
  A shadow demon (Pan)
  A shadow dragon zombie (Coc:3)
  A wizard (Abyss:4)
  3 necromancers
  4 deep elf archers
  An ironbrand convoker (Vaults:1)
  7 deep elf magi
  3 manticores
  An ugly thing (Depths:4)
  3 cyclopes
  2 moths of wrath
  A frost giant zombie (Geh:1)
  3 fauns
  2 smoke demons (Pan)
  A stone giant skeleton (Tomb:3)
  2 black mambas
  A torpor snail (Zig:27)
  A hellion (Pan)
  A rime drake (Zot:3)
  12 yaktaurs
  An efreet (Abyss:1)
  A harpy zombie (Tomb:1)
  5 merfolk
  A polar bear (D:12)
  A jumping spider (Spider:2)
  A hydra skeleton (Geh:5)
  An alligator zombie (Geh:7)
  A blink frog (shapeshifter) (Zig:25)
  2 slime creatures (Zig:15)
  3 large abominations
  5 flying skulls
  A tarantella (Spider:2)
  2 redbacks (Spider:2)
  An air elemental (Depths:1)
  A water elemental (Zig:26)
  An ettin skeleton (Geh:1)
  A golden eye (Zig:27)
  An ushabti (Tomb:2)
  A torturous demonspawn zombie (Geh:6)
  An acid dragon (Zig:18)
  An insubstantial wisp (Zig:8)
  2 hell hounds (Geh:6)
  2 slaves
  2 swamp drakes (Zig:8)
  A snapping turtle zombie (Coc:1)
  A crocodile (Lair:6)
  12 centaurs
  An elf simulacrum (Vaults:5)
  A small abomination (Abyss:3)
  2 wights
  A starcursed mass (Abyss:3)
  An orc wizard (D:6)
  3 mummies (Tomb:2)
  12 ball lightnings
  5 orcs
  A kobold (D:9)
  A briar patch (Zig:5)
  A demonic plant (Pan)
  6 fire vortices
  15 fungi
  4 lost souls (Zig:20)
  4 lurking horrors
  64 plants
  24 starspawn tentacles
  11 tentacles
347 creatures vanquished.

Grand Total: 11785 creatures vanquished

Notes
Turn   | Place    | Note
-------+----------+-------------------------------------------
     0 | D:1      | McKennaii the Demonspawn Fighter began the quest for the Orb.
     0 | D:1      | Reached XP level 1. HP: 18/18 MP: 1/1
   294 | D:1      | Gained mutation: When seriously injured, your bleeding wounds create armour. (AC +12) [demonic ancestry]
   294 | D:1      | Reached XP level 2. HP: 15/24 MP: 2/2
  1145 | D:2      | Gained mutation: You are partially covered in sharp spines. [demonic ancestry]
  1145 | D:2      | Reached XP level 3. HP: 19/29 MP: 3/3
  1663 | D:2      | Reached XP level 4. HP: 24/35 MP: 4/4
  2129 | D:2      | Found a bloodstained altar of Trog.
  2876 | D:4      | Gained mutation: When seriously injured, your bleeding wounds create thick armour. (AC +12) [demonic ancestry]
  2876 | D:4      | Reached XP level 5. HP: 41/41 MP: 5/5
  3028 | D:4      | Noticed a sky beast
  3030 | D:4      | Noticed Eustachio
  3062 | D:3      | Killed a sky beast
  3062 | D:3      | Reached skill level 1 in Dodging
  3062 | D:3      | Reached XP level 6. HP: 12/48 MP: 6/6
  3521 | D:3      | Killed Eustachio
  3710 | D:3      | Found a hide-covered altar of Uskayaw.
  3761 | D:4      | Gained mutation: You have large cloven feet. [demonic ancestry]
  3761 | D:4      | Reached XP level 7. HP: 54/54 MP: 7/7
  3763 | D:4      | Noticed mimosa's ghost (amateur HOBe)
  3780 | D:4      | Killed mimosa's ghost
  3780 | D:4      | Reached skill level 5 in Axes
  4138 | D:5      | Entered Level 5 of the Dungeon
  4138 | D:5      | Found Zapnam's Assorted Antiques.
  4138 | D:5      | Noticed letownia's ghost (amateur OpTm)
  4148 | D:5      | Killed letownia's ghost
  4152 | D:5      | Bought a scroll labeled HUUCEOP TASOTS for 23 gold pieces
  4152 | D:5      | Bought 2 blue potions for 41 gold pieces
  4275 | D:5      | Gained mutation: When hurt, damage is shared between your health and your magic reserves. [demonic ancestry]
  4275 | D:5      | Reached XP level 8. HP: 61/61 MP: 8/8
  4438 | D:5      | Found a glowing silver altar of Zin.
  4521 | D:5      | Found a staircase to the Ecumenical Temple.
  4559 | Temple   | Entered the Ecumenical Temple
  4973 | D:5      | Reached skill level 5 in Shields
  4985 | D:5      | Found a basalt altar of Yredelemnul.
  5058 | D:5      | Reached skill level 5 in Fighting
  5178 | D:5      | Reached skill level 5 in Armour
  5236 | D:6      | Noticed Pikel
  5288 | D:5      | Killed Pikel
  5288 | D:5      | Gained mutation: You regenerate magic rapidly. [demonic ancestry]
  5288 | D:5      | Reached XP level 9. HP: 13/68 MP: 3/9
  5614 | D:6      | Found a runed door.
  5706 | D:6      | Noticed Grinder
  5708 | D:6      | Paralysed by Grinder for 2 turns
  5716 | D:6      | Paralysed by Grinder for 6 turns
  5756 | D:6      | Killed Grinder
  6008 | D:6      | You fall through a shaft!
  6262 | D:7      | Found a stormy altar of Qazlal.
  6270 | D:7      | Became a worshipper of Qazlal Stormbringer
  6320 | D:7      | Found Poyfow's General Store.
  6322 | D:7      | Found Mon Tet's Book Boutique.
  6335 | D:7      | Bought a scroll of identify for 32 gold pieces
  6335 | D:7      | Bought a potion of heal wounds for 80 gold pieces
  6335 | D:7      | Bought a scroll of identify for 32 gold pieces
  6335 | D:7      | Bought a potion of flight for 48 gold pieces
  6763 | D:6      | Reached skill level 1 in Unarmed Combat
  6927 | D:6      | Noticed Crazy Yiuf
  6935 | D:6      | Killed Crazy Yiuf
  6980 | D:7      | Found Qesagec's Antique Weapon Shoppe.
  7035 | D:7      | Found a shadowy altar of Dithmenos.
  7114 | D:7      | Found a snail-covered altar of Cheibriados.
  7147 | D:7      | Found a white marble altar of Elyvilon.
  7428 | D:8      | Got a fine helmet
  7429 | D:8      | Found a glowing golden altar of the Shining One.
  7443 | D:8      | Identified the +0 helmet of the Seventy-Seven Gods {rPois rC+ rN+ MP+9} (You found it on level 8 of the Dungeon)
  7507 | D:8      | Found a radiant altar of Vehumet.
  7644 | D:8      | Got a translucent scale mail
  7655 | D:8      | Identified the +1 scale mail of Loppot {rElec MR++ Int+5} (You found it on level 8 of the Dungeon)
  7707 | D:8      | Found a sparkling altar of Nemelex Xobeh.
  7870 | D:8      | Found an iron altar of Okawaru.
  7908 | D:8      | Reached XP level 10. HP: 71/76 MP: 10/10
  7923 | D:9      | Noticed Grum
  7937 | D:8      | Reached * piety under Qazlal
  8093 | D:9      | Reached skill level 1 in Invocations
  8115 | D:9      | Killed Grum
  8169 | D:9      | Noticed a two-headed ogre
  8234 | D:9      | Found a stormy altar of Qazlal.
  9017 | D:9      | Noticed a two-headed ogre
  9189 | D:9      | Killed a two-headed ogre
  9819 | D:9      | Reached ** piety under Qazlal
  9853 | D:9      | Reached skill level 1 in Evocations
 10035 | D:9      | Found a staircase to the Orcish Mines.
 10097 | D:9      | Killed a two-headed ogre
 10097 | D:9      | Reached skill level 5 in Invocations
 10387 | D:9      | Noticed an orange crystal statue
 10459 | D:10     | Entered Level 10 of the Dungeon
 11201 | D:10     | Reached XP level 11. HP: 83/83 MP: 15/15
 11274 | D:10     | Noticed letownia's ghost (journeyman OpTm)
 11291 | D:10     | Killed letownia's ghost
 11291 | D:10     | Reached skill level 10 in Axes
 11334 | D:11     | Killed an unseen horror
 11356 | D:11     | Noticed a six-headed hydra
 11384 | D:10     | Killed an 11-headed hydra
 11710 | D:11     | Noticed a tengu warrior
 11722 | D:11     | Killed a tengu warrior
 12354 | D:11     | Reached *** piety under Qazlal
 12546 | D:11     | Found a staircase to the Lair.
 12731 | D:12     | Noticed Erolcha
 12756 | D:12     | Killed Erolcha
 12845 | D:11     | Gained mutation: When seriously injured, your bleeding wounds create very thick armour. (AC +12) [demonic ancestry]
 12845 | D:11     | Reached XP level 12. HP: 73/92 MP: 17/17
 13580 | D:12     | Noticed an ice dragon
 13608 | D:12     | Killed an ice dragon
 13725 | D:13     | Found a hazy altar of Hepliaklqana.
 13826 | D:13     | Found Eqeudeuwk's Weapon Emporium.
 13844 | D:13     | Reached **** piety under Qazlal
 14506 | D:13     | Noticed a two-headed ogre
 14559 | D:13     | Killed a two-headed ogre
 14659 | D:13     | Noticed a two-headed ogre
 14663 | D:13     | Killed a two-headed ogre
 14861 | D:14     | Found a gate to the Vaults.
 14861 | D:14     | Noticed Rupert
 14861 | D:14     | Noticed a centaur warrior
 14934 | D:13     | Noticed a centaur warrior
 15127 | D:13     | Noticed a centaur warrior
 15137 | D:13     | Killed a centaur warrior
 15137 | D:13     | Gained mutation: You have hoof-like feet. [demonic ancestry]
 15137 | D:13     | Reached XP level 13. HP: 99/100 MP: 20/20
 15163 | D:13     | Reached skill level 10 in Invocations
 15863 | D:14     | Paralysed by Rupert for 5 turns
 15884 | D:14     | Killed Rupert
 16255 | D:14     | Reached skill level 10 in Shields
 17256 | D:14     | Reached ***** piety under Qazlal
 17714 | D:14     | Reached skill level 10 in Armour
 17714 | D:14     | Gained mutation: Your flesh is heat resistant. (rF+) [demonic ancestry]
 17714 | D:14     | Reached XP level 14. HP: 82/108 MP: 22/22
 18121 | D:15     | Entered Level 15 of the Dungeon
 18299 | D:15     | Found a staircase to the Depths.
 18351 | D:15     | Noticed DeXoteric's ghost (adept HOBe)
 18544 | D:15     | Reached skill level 10 in Fighting
 19703 | Lair:1   | Entered Level 1 of the Lair of Beasts
 22271 | Lair:3   | Found a hole to the Spider Nest.
 22767 | Lair:3   | Noticed Fannar
 22774 | Lair:3   | Killed Fannar
 23207 | Lair:3   | Identified a scroll of acquirement
 23310 | Lair:4   | Found a staircase to the Shoals.
 24028 | Lair:5   | Gained mutation: You have hooves in place of feet. [demonic ancestry]
 24028 | Lair:5   | Reached XP level 15. HP: 85/116 MP: 24/24
 24875 | Lair:6   | Entered Level 6 of the Lair of Beasts
 25768 | Lair:6   | Found a staircase to the Slime Pits.
 25905 | Lair:6   | Found a runed door.
 26332 | Lair:6   | Identified the Reference Book on Flying Protection
 27088 | D:7      | Bought a +2 pair of gloves of dexterity for 344 gold pieces
 27088 | D:7      | Bought a +6 amulet of reflection for 936 gold pieces
 27718 | Orc:1    | Entered Level 1 of the Orcish Mines
 28115 | Orc:2    | Entered Level 2 of the Orcish Mines
 28136 | Orc:2    | Reached ****** piety under Qazlal
 28157 | Orc:2    | Found Vixtorr's Antique Armour Shop.
 28281 | Orc:2    | Reached skill level 15 in Axes
 28283 | Orc:2    | Reached XP level 16. HP: 69/124 MP: 26/26
 28332 | Orc:1    | Found a flagged portal.
 28340 | Bailey   | Entered a bailey
 29203 | Orc:2    | Found a staircase to the Elven Halls.
 29340 | Orc:2    | Found Giguruar's Weapon Shop.
 29340 | Orc:2    | Found Yghelex's General Store.
 29341 | Orc:2    | Found Sechocat's Antique Armour Emporium.
 29341 | Orc:2    | Found Ydycvuymn's Weapon Shop.
 29352 | Orc:2    | Bought a +0 broad axe for 60 gold pieces
 29891 | Spider:1 | Entered Level 1 of the Spider Nest
 31736 | Spider:2 | Reached skill level 15 in Invocations
 33184 | Spider:4 | Entered Level 4 of the Spider Nest
 33187 | Spider:4 | Noticed gwathlobal's ghost (adept TrCK)
 34193 | Spider:3 | Gained mutation: When low on magic, you restore magic in place of health. [demonic ancestry]
 34193 | Spider:3 | Reached XP level 17. HP: 89/133 MP: 28/28
 34410 | Spider:4 | Killed gwathlobal's ghost
 36161 | Spider:4 | Got a gossamer rune of Zot
 36529 | D:15     | Killed DeXoteric's ghost
 36562 | Vaults:1 | Entered Level 1 of the Vaults
 36624 | Vaults:1 | Reached skill level 1 in Stealth
 37430 | Vaults:1 | Reached XP level 18. HP: 95/141 MP: 30/30
 37516 | Vaults:1 | Found a portal to a secret trove of treasure.
 38459 | Vaults:2 | Reached skill level 15 in Shields
 39338 | Vaults:2 | Noticed Bai Suzhen
 39370 | Vaults:2 | Killed Bai Suzhen
 40250 | Vaults:3 | Gained mutation: You are mostly covered in sharp spines. [demonic ancestry]
 40250 | Vaults:3 | Reached XP level 19. HP: 113/149 MP: 31/31
 40265 | Vaults:3 | Noticed tailblues's ghost (adept FeTm)
 42827 | Vaults:3 | Found a staircase to the Crypt.
 42896 | Vaults:3 | Killed tailblues's ghost
 44147 | Vaults:4 | Gained mutation: You are immune to clouds of flame. [demonic ancestry]
 44147 | Vaults:4 | Reached XP level 20. HP: 101/159 MP: 33/33
 44665 | Vaults:5 | Entered Level 5 of the Vaults
 44911 | Elf:1    | Entered Level 1 of the Elven Halls
 45591 | Elf:1    | Found Kyth's Armour Shop.
 46298 | Elf:2    | Gained mutation: You expend magic power (3 MP) to strengthen your wands. [a neqoxec]
 46381 | Elf:2    | Found a runed gate.
 46383 | Elf:2    | Found a runed gate.
 46386 | Elf:2    | Found a runed gate.
 47565 | Elf:3    | Entered Level 3 of the Elven Halls
 47582 | Elf:3    | Cast into level 2 of the Abyss (a deep elf sorcerer)
 47645 | Abyss:2  | Gained mutation: You can hurl damnation. [demonic ancestry]
 47645 | Abyss:2  | Reached XP level 21. HP: 159/167 MP: 34/34
 47687 | Abyss:2  | Paralysed by accursed screaming for 1 turns
 47736 | Abyss:2  | Gained mutation: Armour fits poorly on your strangely shaped body. [a neqoxec]
 47839 | Abyss:2  | Gained mutation: You are dopey. (Int -2) [a cacodemon]
 48532 | Elf:3    | Escaped the Abyss
 48537 | Elf:3    | Reached skill level 15 in Fighting
 48545 | Elf:3    | Lost mutation: You are dopey. (Int -2) [potion of mutation]
 48545 | Elf:3    | Lost mutation: You expend magic power (3 MP) to strengthen your wands. [potion of mutation]
 48545 | Elf:3    | Lost mutation: Armour fits poorly on your strangely shaped body. [potion of mutation]
 48545 | Elf:3    | Gained mutation: Your mind is acute. (Int +2) [potion of mutation]
 48545 | Elf:3    | Gained mutation: Your system is resistant to poisons. (rPois) [potion of mutation]
 49913 | Elf:3    | Got a wavering glass ring
 50145 | Elf:3    | Noticed Asterion
 50159 | Elf:3    | Killed Asterion
 50646 | Elf:3    | Got a pair of bloodstained gloves
 50660 | Elf:3    | Identified the +1 pair of gloves of the Maze {rC- rN+++ MR+ rCorr} (You found it on level 3 of the Elven Halls)
 50705 | Elf:3    | Identified the ring "Leotav" {rPois rF+ Int+5 Stlth-} (You took it off a deep elf annihilator on level 3 of the Elven Halls)
 50726 | Elf:3    | Got a clouded granite ring
 50728 | Elf:3    | Identified the ring of the Manifold Beggars {Wiz -Tele rPois rF+ rC+} (You found it on level 3 of the Elven Halls)
 51148 | Vaults:5 | Noticed an ancient lich
 51167 | Vaults:4 | Killed an ancient lich
 51342 | Vaults:4 | Reached XP level 22. HP: 168/176 MP: 36/36
 51830 | Vaults:4 | Got a scorched brass ring
 51834 | Vaults:4 | Got a glittering tin ring
 51845 | Vaults:4 | Identified the ring "Hepah" {rCorr Int+3} (You took it off a frost giant on level 4 of the Vaults)
 51852 | Vaults:4 | Identified the ring of Osiroba {+Fly EV+1} (You took it off a tengu reaver on level 4 of the Vaults)
 52265 | Vaults:5 | Noticed a golden dragon
 52624 | Vaults:5 | Killed a golden dragon
 52833 | Vaults:5 | Got an ancient bronze amulet
 52843 | Vaults:5 | Identified the amulet of Cemuc {Gourm rPois MR+ Str-2 Int+5} (You took it off a tengu reaver on level 5 of the Vaults)
 53050 | Vaults:5 | Got an ancient sapphire amulet
 53164 | Vaults:5 | Got a slimy helmet
 53176 | Vaults:5 | Identified the +0 helmet of Siadaris {rElec rN+++ MP-9 Int+4} (You found it on level 5 of the Vaults)
 53255 | Vaults:5 | Got a fine lapis lazuli ring
 53257 | Vaults:5 | Identified the ring of Womnajam {rF+ MP+9 Str+4 Slay+3 SInv} (You found it on level 5 of the Vaults)
 53361 | Vaults:5 | Noticed a golden dragon
 53373 | Vaults:5 | Killed a golden dragon
 53386 | Vaults:5 | Identified the Guide on Igneous Necromancy
 53402 | Vaults:5 | Got a silver rune of Zot
 53426 | Vaults:5 | Gained mutation: You are completely covered in sharp spines. [demonic ancestry]
 53426 | Vaults:5 | Reached XP level 23. HP: 168/185 MP: 37/37
 54022 | Vaults:5 | Identified the amulet "Kuucuat" {Inacc *Slow rN+ Int+5} (You found it on level 5 of the Vaults)
 54630 | Shoals:1 | Entered Level 1 of the Shoals
 54650 | Shoals:1 | Noticed tailblues's ghost (journeyman FeTm)
 54677 | Shoals:1 | Killed tailblues's ghost
 55296 | Shoals:2 | Noticed Jorgrun
 55305 | Shoals:2 | Killed Jorgrun
 56556 | Shoals:4 | Entered Level 4 of the Shoals
 56563 | Shoals:4 | Noticed Ilsuiw
 56901 | Shoals:4 | Killed Ilsuiw
 56987 | Shoals:4 | Got a barnacled rune of Zot
 57652 | Shoals:4 | Got an ancient golden ring
 57730 | Shoals:3 | Identified the ring of Zaidy {MR+ Dex+5} (You found it on level 4 of the Shoals)
 58099 | Crypt:1  | Entered Level 1 of the Crypt
 58114 | Crypt:1  | Noticed Jory
 58127 | Crypt:1  | Killed Jory
 58265 | Crypt:1  | Noticed Khufu
 58269 | Crypt:1  | Noticed a greater mummy
 58291 | Crypt:1  | Killed Khufu
 58300 | Crypt:1  | Noticed a greater mummy
 58304 | Crypt:1  | Noticed a greater mummy
 59109 | Crypt:1  | Killed a greater mummy
 59334 | Crypt:1  | Killed a greater mummy
 59388 | Crypt:1  | Killed a greater mummy
 59925 | Crypt:1  | Reached XP level 24. HP: 194/194 MP: 38/38
 59943 | Crypt:1  | Noticed Boris
 59971 | Crypt:1  | Killed Boris
 61228 | Crypt:3  | Entered Level 3 of the Crypt
 61643 | Crypt:3  | Got a dazzling war axe
 61644 | Crypt:3  | Identified the +2 war axe "Mipenam" {chop, *Noise rF++ MR+++ Dex+4} (You found it on level 3 of the Crypt)
 61892 | Crypt:3  | Identified Ycuyng's Handbook of Dark Rituals
 61915 | Crypt:3  | Identified the +9 executioner's axe of Tiorit {chop, Fragile rElec MP+9} (You found it on level 3 of the Crypt)
 62028 | Crypt:3  | Got a brightly glowing jade ring
 62032 | Crypt:3  | Identified the ring "Gudoleig" {+Inv rN+} (You took it off a vampire on level 3 of the Crypt)
 62120 | Crypt:3  | Got a coiled marble ring
 62278 | Crypt:3  | Found a staircase to the Tomb.
 62501 | Crypt:3  | Found a basalt altar of Yredelemnul.
 62728 | Tomb:1   | Entered Level 1 of the Tomb of the Ancients
 63131 | Tomb:1   | Noticed a greater mummy
 63143 | Tomb:1   | Killed a greater mummy
 63216 | Tomb:1   | Noticed a greater mummy
 63235 | Tomb:1   | Noticed a greater mummy
 63643 | Tomb:1   | Killed a greater mummy
 64062 | Tomb:1   | Killed a greater mummy
 64062 | Tomb:1   | Reached XP level 25. HP: 80/199 MP: 38/38
 64445 | Tomb:1   | Paralysed by a Zot trap for 2 turns
 64464 | Tomb:1   | Noticed a greater mummy
 64464 | Tomb:1   | Noticed a greater mummy
 64464 | Tomb:1   | Noticed a greater mummy
 64467 | Tomb:1   | Noticed a greater mummy
 64471 | Tomb:1   | Noticed a greater mummy
 64815 | Tomb:2   | Noticed a greater mummy
 64818 | Tomb:2   | Noticed a greater mummy
 64824 | Tomb:2   | Noticed a greater mummy
 64828 | Tomb:2   | Killed a greater mummy
 64858 | Tomb:2   | Noticed a greater mummy
 64909 | Tomb:2   | Killed a greater mummy
 64918 | Tomb:2   | Killed a greater mummy
 65360 | Tomb:1   | HP: 6/204 [guardian mummy's death curse (12)]
 65854 | Tomb:2   | Killed a greater mummy
 66302 | Tomb:1   | Killed a greater mummy
 66329 | Tomb:1   | Noticed a greater mummy
 66329 | Tomb:1   | Noticed a greater mummy
 66719 | Tomb:1   | Killed a greater mummy
 66723 | Tomb:1   | Killed a greater mummy
 66735 | Tomb:1   | Killed a greater mummy
 66736 | Tomb:1   | Killed a greater mummy
 66743 | Tomb:1   | Killed a greater mummy
 67056 | Tomb:1   | Noticed a greater mummy
 67056 | Tomb:1   | Noticed a greater mummy
 67056 | Tomb:1   | Noticed a greater mummy
 67066 | Tomb:1   | Killed a greater mummy
 67070 | Tomb:1   | HP: 8/205 [greater mummy/divine providence (7)]
 67547 | Tomb:1   | Killed a greater mummy
 68324 | Depths:1 | Entered Level 1 of the Depths
 68503 | Depths:1 | Reached skill level 15 in Armour
 69207 | Depths:1 | Identified the ring of Duept {rN+ Str+5} (You took it off a vampire mage on level 3 of the Crypt)
 69329 | Depths:1 | Reached XP level 26. HP: 208/211 MP: 39/39
 69431 | Depths:1 | Found a gateway to Hell.
 69909 | Depths:2 | Gained mutation: Your mind is very acute. (Int +4) [a cacodemon]
 69910 | Depths:2 | Noticed Mara
 69916 | Depths:2 | Noticed McKennaii's illusion
 69933 | Depths:2 | Killed Mara
 70110 | Depths:2 | Identified the Incunabulum of Fetching Cold
 70117 | Depths:2 | Found a runed door.
 70160 | Depths:2 | Found Pecaq's Jewellery Boutique.
 70160 | Depths:2 | Found Cotsamor's Armour Shop.
 70323 | Depths:2 | Found a one-way gate leading to the halls of Pandemonium.
 70337 | Depths:2 | Found Lurea's Assorted Antiques.
 70345 | Depths:2 | Bought a potion of haste for 320 gold pieces
 71096 | Vaults:1 | You paid a toll of a +5 demon trident to enter a treasure trove
 71097 | Trove    | Entered a treasure trove
 71108 | Trove    | Got a fine golden ring
 71110 | Trove    | Got a fine lead ring
 71113 | Trove    | Got a warped copper ring
 71115 | Trove    | Got a translucent platinum amulet
 71117 | Trove    | Got a steaming bronze ring
 71119 | Trove    | Got a flickering brass ring
 71127 | Trove    | Got a slimy zirconium amulet
 71133 | Trove    | Got a shimmering sapphire amulet
 71135 | Trove    | Got a crude copper ring
 71165 | Vaults:1 | Identified the amulet "Qenk" {Gourm rPois rF+++ Int-3 Stlth-} (You found it in a treasure trove)
 71169 | Vaults:1 | Identified the amulet of Fedhas's Esteem {rElec Regen+ SInv} (You found it in a treasure trove)
 71174 | Vaults:1 | Identified the amulet "Moashric" {Regen+ Int+3 Dex+3} (You found it in a treasure trove)
 71179 | Vaults:1 | Identified the ring "Avuhiyc" {Fire rPois Int+4} (You found it in a treasure trove)
 71182 | Vaults:1 | Identified the ring "Wuannef" {Str+5 Int+4 Stlth+} (You found it in a treasure trove)
 71186 | Vaults:1 | Identified the ring "Asoysa" {Fire rElec Int+2 SInv} (You found it in a treasure trove)
 71191 | Vaults:1 | Identified the ring "Vuoshieg" {rC+ MP+9} (You found it in a treasure trove)
 71197 | Vaults:1 | Identified the ring of Xom's Supremacy {Fire *Slow rN+++ Dex+6} (You found it in a treasure trove)
 71203 | Vaults:1 | Identified the ring of Pobbud {Fire +Blink Int+4} (You found it in a treasure trove)
 71593 | Depths:3 | Found a one-way gate to the infinite horrors of the Abyss.
 71607 | Depths:3 | Paralysed by a floating eye for 4 turns
 71617 | Depths:3 | Paralysed by a floating eye for 3 turns
 71731 | Depths:2 | Bought a potion of mutation for 256 gold pieces
 72063 | Depths:3 | Found Medotuh's Magic Scroll Shoppe.
 72071 | Depths:3 | Bought a scroll of acquirement for 624 gold pieces
 72071 | Depths:3 | Bought a scroll of enchant weapon for 90 gold pieces
 72071 | Depths:3 | Bought a scroll of enchant armour for 90 gold pieces
 72071 | Depths:3 | Bought a scroll of teleportation for 36 gold pieces
 72071 | Depths:3 | Bought a scroll of teleportation for 36 gold pieces
 72071 | Depths:3 | Bought a scroll of enchant weapon for 90 gold pieces
 72072 | Depths:3 | Found a gateway to a ziggurat.
 72117 | Depths:3 | Got an encrusted war axe
 72118 | Depths:3 | Identified the +7 war axe of Cusedd {chop, Dex+2} (You acquired it on level 3 of the Depths)
 73068 | Depths:4 | Reached XP level 27. HP: 119/221 MP: 39/39
 73889 | Depths:4 | Gained mutation: Potions are less effective at restoring your health. [mutagenic glow]
 74215 | Depths:4 | Got a polished plate armour
 74446 | Depths:5 | Entered Level 5 of the Depths
 74574 | Depths:4 | Identified the +4 plate armour "Koecykh" {rC+ rCorr Dex+3} (You found it on level 4 of the Depths)
 74751 | Depths:5 | Got a bloodstained scarf
 74762 | Depths:5 | Identified the scarf of Vanity {rCorr Str+2} (You found it on level 5 of the Depths)
 74803 | Depths:5 | Found a gate to the Realm of Zot.
 74918 | Depths:5 | Gained mutation: You are frail. (-10% HP) [a neqoxec]
 75655 | Hell     | Entered the Vestibule of Hell
 75655 | Hell     | Noticed Geryon
 75671 | Hell     | Gained mutation: Potions are poor at restoring your health. [a cacodemon]
 75672 | Hell     | Killed Geryon
 75681 | Hell     | Gained mutation: You are very frail. (-20% HP) [a cacodemon]
 75799 | Pan      | Entered Pandemonium
 75809 | Pan      | Gained mutation: You expend magic power (3 MP) to strengthen your wands. [a cacodemon]
 75844 | Pan      | Gained mutation: Armour fits poorly on your strangely shaped body. [a cacodemon]
 75895 | Pan      | Noticed Zoveohe the pandemonium lord
 75912 | Pan      | Killed Zoveohe the pandemonium lord
 75991 | Pan      | Gained mutation: Your magical capacity is low. (-10% MP) [a cacodemon]
 76079 | Pan      | Gained mutation: You have supernaturally acute eyesight. (SInv) [a cacodemon]
 76296 | Pan      | Found an exit through the horrors of the Abyss.
 76487 | Pan      | Gained mutation: Your body sometimes deteriorates upon taking damage. [a cacodemon]
 77151 | Pan      | Noticed Ziwonuta the pandemonium lord
 77152 | Pan      | Killed Ziwonuta the pandemonium lord
 77159 | Pan      | Gained mutation: You are clumsy. (Dex -2) [a cacodemon]
 77454 | Pan      | Found an exit through the horrors of the Abyss.
 78515 | Pan      | Found an exit through the horrors of the Abyss.
 78596 | Pan      | Noticed Onkaits the pandemonium lord
 78611 | Pan      | Killed Onkaits the pandemonium lord
 78864 | Pan      | Reached skill level 27 in Invocations
 79153 | Pan      | Noticed Pahac the pandemonium lord
 79159 | Pan      | Killed Pahac the pandemonium lord
 79181 | Pan      | HP: 8/181 [balrug/bolt of fire (3)]
 79183 | Pan      | Lost mutation: Your body sometimes deteriorates upon taking damage. [potion of mutation]
 79183 | Pan      | Lost mutation: You expend magic power (3 MP) to strengthen your wands. [potion of mutation]
 79183 | Pan      | Lost mutation: Armour fits poorly on your strangely shaped body. [potion of mutation]
 79183 | Pan      | Lost mutation: Your magical capacity is low. (-10% MP) [potion of mutation]
 79183 | Pan      | Lost mutation: You are very frail. (-20% HP) [potion of mutation]
 79183 | Pan      | Lost mutation: You are frail. (-10% HP) [potion of mutation]
 79183 | Pan      | Gained mutation: You have a pair of small horns on your head. [potion of mutation]
 79184 | Pan      | Lost mutation: Your mind is very acute. (Int +4) [potion of mutation]
 79184 | Pan      | Lost mutation: Your mind is acute. (Int +2) [potion of mutation]
 79184 | Pan      | Lost mutation: Potions are poor at restoring your health. [potion of mutation]
 79184 | Pan      | Lost mutation: You have a pair of small horns on your head. [potion of mutation]
 79184 | Pan      | Lost mutation: You are clumsy. (Dex -2) [potion of mutation]
 79184 | Pan      | Lost mutation: Potions are less effective at restoring your health. [potion of mutation]
 79184 | Pan      | Gained mutation: You evolve. [potion of mutation]
 79184 | Pan      | Gained mutation: Your flesh is cold resistant. (rC+) [potion of mutation]
 79229 | Pan      | HP: 9/229 [hellion/damnation (18)]
 79278 | Pan      | Found an exit through the horrors of the Abyss.
 79653 | Pan      | Got a smoking broad axe
 79654 | Pan      | Identified the +5 broad axe of Natut {drain, rC+} (You found it in Pandemonium)
 79680 | Pan      | Got a demonic rune of Zot
 80717 | Pan      | Noticed Obuwn the pandemonium lord
 80748 | Pan      | Killed Obuwn the pandemonium lord
 81701 | Pan      | Found an exit through the horrors of the Abyss.
 81854 | Pan      | Entered the realm of Cerebov.
 82073 | Pan      | Noticed Cerebov
 82121 | Pan      | Killed Cerebov
 82440 | Pan      | Got a fiery rune of Zot
 82526 | Pan      | Identified Sif Muna's Grimoire of the Glacial Rocks
 82806 | Pan      | Found an exit through the horrors of the Abyss.
 83118 | Pan      | Got a transparent lead ring
 83120 | Pan      | Identified the ring "Emmuple" {*Tele +Blink rElec Int-2} (You found it in Pandemonium)
 83204 | Pan      | Got a brightly glowing platinum ring
 83206 | Pan      | Got pitted pearl dragon scales
 83224 | Pan      | Identified the ring of the Queen {rPois rF++ rC- Int+3 Stlth+} (You found it in Pandemonium)
 83240 | Pan      | Identified the +8 pearl dragon scales of Buysunim {rF+ rN+ rCorr Dex+4 Stlth-} (You found it in Pandemonium)
 83905 | Pan      | Found an exit through the horrors of the Abyss.
 83922 | Pan      | Noticed Jovoaw the pandemonium lord
 83928 | Pan      | Killed Jovoaw the pandemonium lord
 83987 | Pan      | Lost mutation: You have supernaturally acute eyesight. (SInv) [a cacodemon]
 84774 | Pan      | Found an exit through the horrors of the Abyss.
 85278 | Pan      | Noticed Lauca the pandemonium lord
 85564 | Pan      | Killed Lauca the pandemonium lord
 85930 | Pan      | Found an exit through the horrors of the Abyss.
 86298 | Pan      | Gained mutation: Armour fits poorly on your strangely shaped body. [a cacodemon]
 86428 | Pan      | Noticed Louguew the pandemonium lord
 86452 | Pan      | Killed Louguew the pandemonium lord
 86688 | Pan      | Found an exit through the horrors of the Abyss.
 86950 | Pan      | Gained mutation: Your spells are a little easier to cast, but a little less powerful. [evolution]
 87051 | Pan      | Entered the realm of Mnoleg.
 87051 | Pan      | Noticed Mnoleg
 87057 | Pan      | Lost mutation: Armour fits poorly on your strangely shaped body. [a cacodemon]
 87061 | Pan      | Killed Mnoleg
 87072 | Pan      | Reached skill level 27 in Shields
 87138 | Pan      | Got a glowing rune of Zot
 87161 | Pan      | Identified the cursed +0 plate armour of the Gardener {Int+3} (You found it in Pandemonium)
 87207 | Pan      | Gained mutation: You are weak. (Str -2) [a shining eye]
 87209 | Pan      | Gained mutation: You expend magic power (3 MP) to strengthen your wands. [a shining eye]
 87214 | Pan      | Gained mutation: Your body sometimes deteriorates upon taking damage. [a neqoxec]
 87215 | Pan      | Lost mutation: Your body sometimes deteriorates upon taking damage. [a neqoxec]
 87220 | Pan      | Gained mutation: Your magical capacity is low. (-10% MP) [a cacodemon]
 87223 | Pan      | Gained mutation: Your spells are easier to cast, but less powerful. [a cacodemon]
 87336 | Pan      | Found an exit through the horrors of the Abyss.
 87646 | Pan      | Gained mutation: Your spells are much easier to cast, but much less powerful. [a neqoxec]
 87708 | Pan      | Gained mutation: You are dopey. (Int -2) [a cacodemon]
 87793 | Pan      | Gained mutation: You are clumsy. (Dex -2) [a cacodemon]
 88284 | Pan      | Found a glowing silver altar of Zin.
 89840 | Pan      | Found a glowing golden altar of the Shining One.
 89849 | Pan      | Noticed a seraph
 89863 | Pan      | Killed a seraph
 89865 | Pan      | Got a smoking iron ring
 89884 | Pan      | Identified the Incunabulum of Enchantment
 89923 | Pan      | Got an ancient brass ring
 89926 | Pan      | Got a slimy bone amulet
 89931 | Pan      | Identified the cursed ring "Reah" {rElec Str+4 Int-5 Dex+3 SInv} (You took it off a seraph in Pandemonium)
 89935 | Pan      | Identified the cursed ring "Wonn" {-Tele rF- rC+++ rN+++ Str-3} (You took it off a cherub in Pandemonium)
 89940 | Pan      | Identified the amulet "Ibbemusk" {Gourm Int+5 Stlth+} (You took it off an angel in Pandemonium)
 90634 | Pan      | Found a white marble altar of Elyvilon.
 90978 | Pan      | Noticed Geryelet the pandemonium lord
 90998 | Pan      | Killed Geryelet the pandemonium lord
 91288 | Pan      | Lost mutation: You are weak. (Str -2) [evolution]
 91711 | Pan      | Found an exit through the horrors of the Abyss.
 91763 | Pan      | Entered the realm of Gloorx Vloq.
 91824 | Pan      | Found an exit through the horrors of the Abyss.
 92230 | Pan      | Noticed Gloorx Vloq
 93129 | Pan      | Killed Gloorx Vloq
 93135 | Pan      | Got a dark rune of Zot
 93650 | Pan      | Noticed Pofaic the pandemonium lord
 93666 | Pan      | Gained mutation: You do not regenerate when monsters are visible. [a cacodemon]
 93670 | Pan      | Killed Pofaic the pandemonium lord
 94195 | Pan      | Found an exit through the horrors of the Abyss.
 94663 | Pan      | Noticed Surphal the pandemonium lord
 94670 | Pan      | Killed Surphal the pandemonium lord
 94687 | Pan      | Found an exit through the horrors of the Abyss.
 95810 | Pan      | Reached skill level 27 in Axes
 96020 | Pan      | Entered the realm of Lom Lobon.
 96049 | Pan      | Found an exit through the horrors of the Abyss.
 96383 | Pan      | Reached skill level 27 in Fighting
 96593 | Pan      | Noticed Lom Lobon
 96646 | Pan      | Killed Lom Lobon
 96816 | Pan      | Got a magical rune of Zot
 97061 | Depths:5 | Escaped Pandemonium
 97263 | D:11     | Got a transparent war axe
 97264 | D:11     | Identified the +5 war axe of the Apocalypse {speed, *Contam rPois rC+ Int+4} (You acquired it on level 11 of the Dungeon)
 97295 | D:11     | Got a fine cloak
 97303 | D:11     | Gained mutation: Armour fits poorly on your strangely shaped body. [mutagenic glow]
 97306 | D:11     | Identified the +1 cloak of Follow the Leader {*Slow +Fly MR+ Int+5} (You acquired it on level 11 of the Dungeon)
 97451 | Slime:1  | Entered Level 1 of the Pits of Slime
 98473 | Slime:3  | Gained mutation: You are very dopey. (Int -4) [a shining eye]
 98717 | Slime:2  | Paralysed by a floating eye for 3 turns
 98719 | Slime:2  | Gained mutation: You are very clumsy. (Dex -4) [a shining eye]
 99219 | Slime:5  | Entered Level 5 of the Pits of Slime
 99281 | Slime:5  | Noticed the Royal Jelly
 99301 | Slime:5  | Killed the Royal Jelly
 99575 | Slime:5  | Got a wavering ivory ring
 99607 | Slime:5  | Got a dazzling plate armour
 99615 | Slime:5  | Got a slimy rune of Zot
 99631 | Slime:5  | Got a bound brass ring
 99640 | Slime:5  | Identified the Incunabulum of Feathery Changing
 99944 | Slime:5  | Identified the +6 plate armour of the Slug {rElec rF+ Str+2} (You found it on level 5 of the Pits of Slime)
 99956 | Slime:5  | Got a vibrating copper ring
 99959 | Slime:5  | Identified the ring of Dasetuem {rPois rN+ MR- Int+4} (You found it on level 5 of the Pits of Slime)
 99964 | Slime:5  | Identified the ring of Usihof {Str+4 Stlth+} (You found it on level 5 of the Pits of Slime)
 99967 | Slime:5  | Identified the ring "Lasyigal" {rF++ Stlth-} (You found it on level 5 of the Pits of Slime)
100586 | D:11     | Lost mutation: You are very clumsy. (Dex -4) [potion of mutation]
100586 | D:11     | Lost mutation: Armour fits poorly on your strangely shaped body. [potion of mutation]
100586 | D:11     | Lost mutation: You expend magic power (3 MP) to strengthen your wands. [potion of mutation]
100586 | D:11     | Lost mutation: You are very dopey. (Int -4) [potion of mutation]
100586 | D:11     | Lost mutation: Your magical capacity is low. (-10% MP) [potion of mutation]
100586 | D:11     | Lost mutation: Your system is resistant to poisons. (rPois) [potion of mutation]
100586 | D:11     | Lost mutation: You are dopey. (Int -2) [potion of mutation]
100586 | D:11     | Gained mutation: Your muscles are strong. (Str +2) [potion of mutation]
100785 | Depths:3 | Voluntarily entered the Abyss.
101052 | Abyss:2  | Reached skill level 1 in Polearms
101155 | Abyss:2  | Noticed an ancient lich
101162 | Abyss:2  | Killed an ancient lich
101188 | Abyss:2  | Found a corrupted altar of Lugonu.
101356 | Abyss:2  | Found a corrupted altar of Lugonu.
101816 | Abyss:3  | Paralysed by accursed screaming for 1 turns
102148 | Abyss:5  | Entered Level 5 of the Abyss
102198 | Abyss:5  | Reached skill level 5 in Evocations
102291 | Abyss:5  | Paralysed by accursed screaming for 1 turns
102325 | Abyss:5  | Paralysed by accursed screaming for 2 turns
102327 | Abyss:5  | Gained mutation: You occasionally shout uncontrollably at your foes. [evolution]
102396 | Depths:3 | Escaped the Abyss
103147 | Tomb:1   | Killed a greater mummy
103176 | Tomb:1   | Noticed a greater mummy
103183 | Tomb:1   | Killed a greater mummy
103337 | Tomb:1   | Noticed a greater mummy
103352 | Tomb:1   | Killed a greater mummy
103386 | Tomb:1   | Killed a greater mummy
103396 | Tomb:1   | Noticed a greater mummy
103408 | Tomb:1   | Killed a greater mummy
103410 | Tomb:1   | Noticed a greater mummy
103418 | Tomb:1   | Killed a greater mummy
103421 | Tomb:1   | Noticed a greater mummy
103430 | Tomb:1   | Killed a greater mummy
104065 | Tomb:3   | Entered Level 3 of the Tomb of the Ancients
104073 | Tomb:3   | Noticed a greater mummy
104073 | Tomb:3   | Noticed a greater mummy
104079 | Tomb:3   | Killed a greater mummy
104088 | Tomb:3   | Noticed a greater mummy
104089 | Tomb:3   | Noticed a greater mummy
104092 | Tomb:3   | Killed a greater mummy
104092 | Tomb:3   | Killed a greater mummy
104109 | Tomb:3   | Killed a greater mummy
104513 | Tomb:3   | Got a sparkling pewter ring
104515 | Tomb:3   | Identified the ring of Qugyl {Fire +Inv Str+4 Int+2 Slay-6} (You found it on level 3 of the Tomb of the Ancients)
104670 | Tomb:3   | Noticed a greater mummy
104683 | Tomb:3   | Killed a greater mummy
104896 | Tomb:3   | Identified the +2 morningstar "Yqouw" {flame, rF+ rC++ Int+4} (You found it on level 3 of the Tomb of the Ancients)
104931 | Tomb:3   | Noticed a greater mummy
104932 | Tomb:3   | Noticed a greater mummy
104938 | Tomb:3   | Killed a greater mummy
104944 | Tomb:3   | Noticed a greater mummy
104958 | Tomb:3   | Noticed a greater mummy
104959 | Tomb:3   | Killed a greater mummy
104966 | Tomb:3   | Killed a greater mummy
104978 | Tomb:3   | Killed a greater mummy
105184 | Tomb:3   | Got a golden rune of Zot
105854 | D:11     | Learned a level 2 spell: Song of Slaying
105860 | D:11     | Learned a level 3 spell: Regeneration
106158 | Depths:3 | Voluntarily entered the Abyss.
106230 | Abyss:1  | Paralysed by accursed screaming for 1 turns
106242 | Abyss:1  | Lost mutation: You occasionally shout uncontrollably at your foes. [potion of mutation]
106242 | Abyss:1  | Lost mutation: You evolve. [potion of mutation]
106242 | Abyss:1  | Lost mutation: You are clumsy. (Dex -2) [potion of mutation]
106242 | Abyss:1  | Lost mutation: Your spells are much easier to cast, but much less powerful. [potion of mutation]
106242 | Abyss:1  | Gained mutation: Your system is resistant to poisons. (rPois) [potion of mutation]
106242 | Abyss:1  | Gained mutation: You are resistant to hostile enchantments. (MR+) [potion of mutation]
106243 | Abyss:1  | Lost mutation: You are resistant to hostile enchantments. (MR+) [potion of mutation]
106243 | Abyss:1  | Lost mutation: Your spells are easier to cast, but less powerful. [potion of mutation]
106243 | Abyss:1  | Lost mutation: Your spells are a little easier to cast, but a little less powerful. [potion of mutation]
106243 | Abyss:1  | Lost mutation: Your muscles are strong. (Str +2) [potion of mutation]
106243 | Abyss:1  | Lost mutation: You do not regenerate when monsters are visible. [potion of mutation]
106243 | Abyss:1  | Gained mutation: You have supernaturally acute eyesight. (SInv) [potion of mutation]
106372 | Abyss:2  | Paralysed by accursed screaming for 1 turns
106376 | Abyss:2  | Paralysed by accursed screaming for 2 turns
106619 | Abyss:3  | Got an abyssal rune of Zot
106671 | Depths:3 | Escaped the Abyss
106874 | Hell     | Found a gateway to the Iron City of Dis.
106924 | Dis:1    | Entered Level 1 of the Iron City of Dis
109266 | Dis:2    | Reached skill level 27 in Armour
109465 | Dis:3    | Reached skill level 10 in Evocations
110174 | Dis:4    | Reached skill level 5 in Dodging
110275 | Dis:4    | Gained mutation: You do not regenerate when monsters are visible. [mutagenic glow]
112818 | Dis:6    | Found a huge runed gate.
112818 | Dis:6    | Found a huge runed gate.
112818 | Dis:6    | Found a huge runed gate.
112819 | Dis:6    | Found a huge runed gate.
112819 | Dis:6    | Found a huge runed gate.
112823 | Dis:6    | Found a huge runed gate.
112823 | Dis:6    | Found a huge runed gate.
112823 | Dis:6    | Found a huge runed gate.
112824 | Dis:6    | Found a huge runed gate.
112828 | Dis:6    | Found a huge runed gate.
112828 | Dis:6    | Found a huge runed gate.
112828 | Dis:6    | Found a huge runed gate.
112828 | Dis:6    | Found a huge runed gate.
112828 | Dis:6    | Found a huge runed gate.
112828 | Dis:6    | Found a huge runed gate.
112833 | Dis:6    | Found a huge runed gate.
112834 | Dis:6    | Found a huge runed gate.
113093 | Dis:6    | Found a huge runed gate.
113094 | Dis:6    | Found a huge runed gate.
113146 | Dis:6    | Reached skill level 1 in Spellcasting
113165 | Dis:6    | Gained mutation: Armour fits poorly on your strangely shaped body. [mutagenic glow]
113179 | Dis:6    | Found a huge runed gate.
113179 | Dis:6    | Found a huge runed gate.
113179 | Dis:6    | Found a huge runed gate.
113179 | Dis:6    | Found a huge runed gate.
113179 | Dis:6    | Found a huge runed gate.
113180 | Dis:6    | Found a huge runed gate.
113180 | Dis:6    | Found a huge runed gate.
113181 | Dis:6    | Found a huge runed gate.
113182 | Dis:6    | Found a huge runed gate.
113208 | Dis:6    | Reached skill level 1 in Charms
113225 | Dis:6    | Found a huge runed gate.
113225 | Dis:6    | Found a huge runed gate.
113228 | Dis:6    | Found a huge runed gate.
113304 | Dis:6    | Found a huge runed gate.
113304 | Dis:6    | Found a huge runed gate.
113304 | Dis:6    | Found a huge runed gate.
113441 | Dis:6    | Reached skill level 1 in Necromancy
113669 | Dis:7    | Entered Level 7 of the Iron City of Dis
113679 | Dis:7    | Reached skill level 10 in Dodging
113807 | Dis:7    | Gained mutation: You are clumsy. (Dex -2) [a cacodemon]
113914 | Dis:7    | Reached skill level 5 in Necromancy
113983 | Dis:7    | Reached skill level 5 in Spellcasting
114114 | Dis:7    | Noticed the Serpent of Hell
114151 | Dis:7    | Killed the Serpent of Hell
114193 | Dis:7    | Reached skill level 5 in Charms
114708 | Dis:7    | Reached skill level 15 in Evocations
114738 | Dis:7    | Reached skill level 5 in Stealth
114824 | Dis:7    | Found a huge runed gate.
114824 | Dis:7    | Found a huge runed gate.
114824 | Dis:7    | Found a huge runed gate.
114824 | Dis:7    | Found a huge runed gate.
114825 | Dis:7    | Found a huge runed gate.
114827 | Dis:7    | Found a huge runed gate.
114827 | Dis:7    | Found a huge runed gate.
114828 | Dis:7    | Found a huge runed gate.
114828 | Dis:7    | Found a huge runed gate.
114849 | Dis:7    | Found a huge runed gate.
114849 | Dis:7    | Found a huge runed gate.
114888 | Dis:7    | Found a huge runed gate.
114888 | Dis:7    | Found a huge runed gate.
114888 | Dis:7    | Found a huge runed gate.
114890 | Dis:7    | Found a huge runed gate.
114891 | Dis:7    | Found a huge runed gate.
114924 | Dis:7    | Found a huge runed gate.
114925 | Dis:7    | Found a huge runed gate.
114925 | Dis:7    | Found a huge runed gate.
114925 | Dis:7    | Found a huge runed gate.
114925 | Dis:7    | Found a huge runed gate.
114925 | Dis:7    | Found a huge runed gate.
114926 | Dis:7    | Found a huge runed gate.
115173 | Dis:7    | Gained mutation: Your body sometimes deteriorates upon taking damage. [a cacodemon]
115190 | Dis:7    | Noticed Dispater
115190 | Dis:7    | Lost mutation: You have supernaturally acute eyesight. (SInv) [a cacodemon]
115354 | Dis:7    | Killed Dispater
115372 | Dis:7    | Got an iron rune of Zot
115614 | Dis:7    | Got a crystal dire flail
115618 | Dis:7    | Identified the +1 dire flail of Wyrd {crush, rF+ rC+} (You found it on level 7 of the Iron City of Dis)
116089 | Hell     | Found a gateway to the freezing wastes of Cocytus.
116120 | Coc:1    | Entered Level 1 of Cocytus
116538 | Coc:1    | Reached skill level 10 in Necromancy
118944 | Coc:3    | Reached skill level 10 in Charms
119387 | Coc:3    | Reached skill level 10 in Spellcasting
122307 | Coc:6    | Lost mutation: Your flesh is cold resistant. (rC+) [potion of mutation]
122307 | Coc:6    | Lost mutation: Armour fits poorly on your strangely shaped body. [potion of mutation]
122307 | Coc:6    | Gained mutation: You are weak. (Str -2) [potion of mutation]
122307 | Coc:6    | Lost mutation: You are weak. (Str -2) [potion of mutation]
122307 | Coc:6    | Gained mutation: Your flesh is very heat resistant. (rF++) [potion of mutation]
122308 | Coc:6    | Lost mutation: Your body sometimes deteriorates upon taking damage. [potion of mutation]
122308 | Coc:6    | Lost mutation: You do not regenerate when monsters are visible. [potion of mutation]
122308 | Coc:6    | Lost mutation: You are clumsy. (Dex -2) [potion of mutation]
122308 | Coc:6    | Gained mutation: You have an increased reservoir of magic. (+10% MP) [potion of mutation]
122709 | Coc:7    | Entered Level 7 of Cocytus
123120 | Coc:7    | Reached skill level 15 in Dodging
123606 | Coc:7    | Noticed Antaeus
123622 | Coc:7    | Reached skill level 15 in Necromancy
124442 | Coc:7    | HP: 10/249 [the demon whip "Spellbinder" (9)]
124442 | Coc:7    | Cast into level 5 of the Abyss (the demon whip "Spellbinder")
124442 | Abyss:5  | Entered Level 5 of the Abyss
124500 | Coc:7    | Escaped the Abyss
125478 | Coc:7    | Gained mutation: You are clumsy. (Dex -2) [mutagenic glow]
125520 | Coc:7    | Gained mutation: Your flesh is cold resistant. (rC+) [mutagenic glow]
125554 | Coc:7    | Gained mutation: Armour fits poorly on your strangely shaped body. [mutagenic glow]
125555 | Coc:7    | Killed Antaeus
125566 | Coc:7    | Got an icy rune of Zot
125582 | Coc:7    | Gained mutation: You have supernaturally acute eyesight. (SInv) [mutagenic glow]
125666 | Coc:7    | Gained mutation: You are frail. (-10% HP) [mutagenic glow]
125991 | Hell     | Found a gateway to the decaying netherworld of Tartarus.
126064 | Hell     | Found a gateway to the ashen valley of Gehenna.
126343 | Geh:1    | Entered Level 1 of Gehenna
127572 | Geh:2    | Lost mutation: Your flesh is very heat resistant. (rF++) [mutagenic glow]
127593 | Geh:2    | Gained mutation: You are weak. (Str -2) [mutagenic glow]
128070 | Geh:3    | Reached skill level 15 in Spellcasting
130155 | Geh:5    | Reached skill level 15 in Charms
132057 | Geh:7    | Entered Level 7 of Gehenna
132720 | Geh:7    | Noticed Asmodeus
132746 | Geh:7    | Killed Asmodeus
132867 | Geh:7    | Got a sparkling iron ring
132868 | Geh:7    | Identified the ring "Wiag" {rC+ rN+ MR- Int+6} (You found it on level 7 of Gehenna)
132886 | Geh:7    | Got a crude jade ring
132888 | Geh:7    | Identified the ring "Saimolazi" {MP+9 Str+4 Int+4 Stlth-} (You found it on level 7 of Gehenna)
132907 | Geh:7    | Got a clouded ivory ring
132942 | Geh:7    | Got an obsidian rune of Zot
132945 | Geh:7    | Identified the ring of the Swan {rC+ rN++ MP+9 Str-5 Int+2} (You found it on level 7 of Gehenna)
133920 | Tar:1    | Entered Level 1 of Tartarus
134121 | Tar:1    | Gained mutation: Potions are less effective at restoring your health. [mutagenic glow]
134170 | Tar:1    | Lost mutation: You have an increased reservoir of magic. (+10% MP) [mutagenic glow]
137346 | Tar:4    | Cast into level 4 of the Abyss (a lich)
137377 | Abyss:4  | Found a corrupted altar of Lugonu.
137544 | Abyss:4  | Paralysed by accursed screaming for 2 turns
137777 | Tar:4    | Escaped the Abyss
140465 | Tar:7    | Entered Level 7 of Tartarus
140595 | Tar:7    | Noticed an ancient lich
140598 | Tar:7    | Noticed an ancient lich
140603 | Tar:7    | Killed an ancient lich
140609 | Tar:7    | Killed an ancient lich
140983 | Tar:7    | Paralysed by a lich for 4 turns
141224 | Tar:7    | Identified Zohy's Handbook of Companions and Malediction
141257 | Tar:7    | Noticed Ereshkigal
141277 | Tar:7    | Killed Ereshkigal
141480 | Tar:7    | Got a pitted bone amulet
141807 | Tar:7    | Got a bone rune of Zot
142168 | D:11     | Identified the amulet "Limall" {RegenMP rN++ Dex-3 Stlth+} (You found it on level 7 of Tartarus)
142183 | D:11     | Learned a level 9 spell: Tornado
142333 | Orc:2    | Bought the +8 orange crystal plate armour {Archmagi, Int+3 Clar} for 1589 gold pieces
142333 | Orc:2    | Bought a scroll of enchant armour for 82 gold pieces
142333 | Orc:2    | Bought a meat ration for 55 gold pieces
142333 | Orc:2    | Bought 2 fruits for 33 gold pieces
142488 | D:7      | Bought a bread ration for 80 gold pieces
142950 | Depths:2 | Bought a scroll of identify for 64 gold pieces
143019 | Depths:3 | Bought a scroll of fear for 42 gold pieces
143019 | Depths:3 | Bought a scroll of identify for 24 gold pieces
143019 | Depths:3 | Bought a scroll of identify for 24 gold pieces
143019 | Depths:3 | Bought a scroll of identify for 24 gold pieces
143019 | Depths:3 | Bought a scroll of fear for 42 gold pieces
143019 | Depths:3 | Bought a scroll of identify for 24 gold pieces
143019 | Depths:3 | Bought a scroll of amnesia for 42 gold pieces
143253 | D:11     | Lost mutation: Your system is resistant to poisons. (rPois) [potion of mutation]
143253 | D:11     | Lost mutation: You are weak. (Str -2) [potion of mutation]
143253 | D:11     | Lost mutation: Armour fits poorly on your strangely shaped body. [potion of mutation]
143253 | D:11     | Lost mutation: You are frail. (-10% HP) [potion of mutation]
143253 | D:11     | Lost mutation: You are clumsy. (Dex -2) [potion of mutation]
143253 | D:11     | Gained mutation: Your spells are a little harder to cast, but a little more powerful. [potion of mutation]
143253 | D:11     | Gained mutation: You are agile. (Dex +2) [potion of mutation]
143253 | D:11     | Gained mutation: Your flesh is very heat resistant. (rF++) [potion of mutation]
143269 | Zig:1    | Entered Level 1 of a ziggurat
143276 | Zig:1    | Reached skill level 1 in Air Magic
143287 | Zig:2    | Entered Level 2 of a ziggurat
143315 | Zig:3    | Entered Level 3 of a ziggurat
143344 | Zig:4    | Entered Level 4 of a ziggurat
143346 | Zig:4    | Noticed Rutai the pandemonium lord
143356 | Zig:4    | Killed Rutai the pandemonium lord
143387 | Zig:5    | Entered Level 5 of a ziggurat
143421 | Zig:5    | Identified Wabrain's Incunabulum of the Voyage and Attacks
143429 | Zig:6    | Entered Level 6 of a ziggurat
143491 | Zig:7    | Entered Level 7 of a ziggurat
143540 | Zig:8    | Entered Level 8 of a ziggurat
143562 | Zig:8    | Reached skill level 5 in Air Magic
143594 | Zig:8    | Identified the Tome of Igneous Moulding
143608 | Zig:9    | Entered Level 9 of a ziggurat
143614 | Zig:9    | Noticed an ancient lich
143614 | Zig:9    | Noticed an ancient lich
143629 | Zig:9    | Paralysed by a floating eye for 2 turns
143633 | Zig:9    | Killed an ancient lich
143633 | Zig:9    | Killed an ancient lich
143695 | Zig:9    | Got a clouded tin amulet
143702 | Zig:9    | Identified the amulet "Paffef" {Gourm rPois rN+ Int+2} (You found it on level 9 of a ziggurat)
143707 | Zig:10   | Entered Level 10 of a ziggurat
144063 | Zig:11   | Entered Level 11 of a ziggurat
144142 | Zig:11   | Got a warped war axe
144144 | Zig:11   | Identified the +6 war axe of Megalomania {drain, rElec rF+ rC-} (You found it on level 11 of a ziggurat)
144180 | Zig:11   | Reached skill level 10 in Air Magic
144183 | Zig:11   | Got a vibrating lapis lazuli ring
144184 | Zig:11   | Identified the ring "Yjeekot" {rPois Int+3} (You found it on level 11 of a ziggurat)
144197 | Zig:12   | Entered Level 12 of a ziggurat
144269 | Zig:12   | Got a warped amber ring
144271 | Zig:12   | Identified the ring "Toahek" {Fire Str+4} (You found it on level 12 of a ziggurat)
144301 | Zig:12   | Identified Nenuur's Incunabulum of Curses
144315 | Zig:12   | Got a vibrating wooden ring
144317 | Zig:12   | Identified the ring "Datiwih" {*Tele rElec Int+4 Stlth-} (You found it on level 12 of a ziggurat)
144326 | Zig:12   | Got an ancient amber ring
144327 | Zig:12   | Identified the ring of Sovereignty {+Inv AC+3 Str+4} (You found it on level 12 of a ziggurat)
144374 | Zig:13   | Entered Level 13 of a ziggurat
144385 | Zig:13   | Noticed Qiytoo the pandemonium lord
144385 | Zig:13   | Noticed Tuxzabb the pandemonium lord
144392 | Zig:13   | Killed Tuxzabb the pandemonium lord
144399 | Zig:13   | Killed Qiytoo the pandemonium lord
144487 | Zig:13   | Got a heavily runed steel ring
144499 | Zig:13   | Identified the ring of the Skies Above {EV+2 Str+4 SInv} (You found it on level 13 of a ziggurat)
144517 | Zig:14   | Entered Level 14 of a ziggurat
144604 | Zig:14   | Got a twitching lapis lazuli ring
144615 | Zig:14   | Identified the ring of Panentheism {+Fly rPois MP+9} (You found it on level 14 of a ziggurat)
144627 | Zig:15   | Entered Level 15 of a ziggurat
144747 | Zig:15   | Identified the Catalogue of the Immovable Stories
144758 | Zig:15   | Got a twitching bone amulet
144759 | Zig:15   | Identified the amulet of Piulaphi {Gourm Slay+2} (You found it on level 15 of a ziggurat)
144764 | Zig:16   | Entered Level 16 of a ziggurat
144764 | Zig:16   | Noticed sadgrasan's ghost (legendary FoFi)
144794 | Zig:16   | Reached skill level 1 in Staves
144795 | Zig:16   | Killed sadgrasan's ghost
144922 | Zig:16   | Got a shimmering war axe
144923 | Zig:16   | Identified the +4 war axe "Asmuimn" {elec, +Fly} (You acquired it on level 16 of a ziggurat)
144997 | Zig:17   | Entered Level 17 of a ziggurat
145036 | Zig:17   | Reached skill level 1 in Crossbows
145069 | Zig:17   | Got a pitted hand crossbow
145077 | Zig:17   | Identified the +6 hand crossbow of the Bear {penet, MR+ Dex+3 Stlth+} (You found it on level 17 of a ziggurat)
145086 | Zig:17   | Got a faintly glowing turquoise ring
145089 | Zig:17   | Identified the ring "Ykumaw" {rF+ rC+ MR+ Dex-4} (You found it on level 17 of a ziggurat)
145117 | Zig:17   | Got a crude demon trident
145119 | Zig:17   | Identified the cursed +1 demon trident "Mexeq" {flame, +Inv Dex+8} (You found it on level 17 of a ziggurat)
145126 | Zig:18   | Entered Level 18 of a ziggurat
145175 | Zig:18   | Reached skill level 15 in Air Magic
145261 | Zig:19   | Entered Level 19 of a ziggurat
145418 | Zig:19   | Got a clouded tin ring
145420 | Zig:19   | Identified the ring "Bucwur" {Int+4 Slay+2 SInv} (You found it on level 19 of a ziggurat)
145429 | Zig:20   | Entered Level 20 of a ziggurat
145449 | Zig:20   | Noticed an ancient lich
145451 | Zig:20   | Killed an ancient lich
145541 | Zig:20   | Got a bound copper ring
145543 | Zig:20   | Identified the ring of the Salamander {rF+ Str+2} (You found it on level 20 of a ziggurat)
145547 | Zig:20   | Identified the Grimoire of the Oath and Flight
145573 | Zig:20   | Identified the Almanac of Boosting Summoning
145597 | Zig:21   | Entered Level 21 of a ziggurat
145616 | Zig:21   | Noticed an ancient lich
145642 | Zig:21   | Killed an ancient lich
145730 | Zig:21   | Got a flickering platinum ring
145732 | Zig:21   | Identified the ring "Pixziuh" {rPois rF+ rC+ Str+6 Slay+3} (You found it on level 21 of a ziggurat)
145738 | Zig:21   | Got an encrusted broad axe
145753 | Zig:21   | Identified Kiva's Grimoire of Supportive Snow
145775 | Zig:21   | Identified the +4 broad axe "Ylar" {drain, rC+ Str+2} (You found it on level 21 of a ziggurat)
145781 | Zig:22   | Entered Level 22 of a ziggurat
145795 | Zig:22   | Noticed a greater mummy
145797 | Zig:22   | Noticed a greater mummy
145798 | Zig:22   | Noticed a greater mummy
145798 | Zig:22   | Noticed a greater mummy
145798 | Zig:22   | Noticed a greater mummy
145799 | Zig:22   | Noticed a greater mummy
145800 | Zig:22   | Noticed a greater mummy
145804 | Zig:22   | Noticed a greater mummy
145806 | Zig:22   | Killed a greater mummy
145807 | Zig:22   | Killed a greater mummy
145807 | Zig:22   | Killed a greater mummy
145807 | Zig:22   | Killed a greater mummy
145807 | Zig:22   | Killed a greater mummy
145807 | Zig:22   | Killed a greater mummy
145807 | Zig:22   | Killed a greater mummy
145808 | Zig:22   | Killed a greater mummy
145839 | Zig:22   | Noticed a greater mummy
145851 | Zig:22   | Killed a greater mummy
145859 | Zig:22   | Noticed a greater mummy
145863 | Zig:22   | Noticed a greater mummy
145869 | Zig:22   | Noticed a greater mummy
145869 | Zig:22   | Killed a greater mummy
145870 | Zig:22   | Killed a greater mummy
145878 | Zig:22   | Noticed a greater mummy
145878 | Zig:22   | Killed a greater mummy
145884 | Zig:22   | Killed a greater mummy
145960 | Zig:22   | Got a shimmering brass ring
146086 | Zig:22   | Identified the ring of the Tormentor {*Contam rF+ rN+ MR++ AC+1} (You found it on level 22 of a ziggurat)
146159 | Zig:22   | Lost mutation: Your spells are a little harder to cast, but a little more powerful. [mutagenic glow]
146161 | Zig:23   | Entered Level 23 of a ziggurat
146187 | Zig:23   | Paralysed by accursed screaming for 1 turns
146198 | Zig:23   | Paralysed by accursed screaming for 2 turns
146208 | Zig:23   | Paralysed by accursed screaming for 2 turns
146262 | Zig:23   | Got a ring of the Octopus King
146264 | Zig:23   | Identified a ring of the Octopus King {MP+9 AC+1 EV+1 Str+1 Int+1 Dex+1} (You found it on level 23 of a ziggurat)
146268 | Zig:23   | Got a sparkling wooden ring
146269 | Zig:23   | Identified the ring "Afutt" {rC++ AC+3 Int-5 Slay+6 SInv} (You found it on level 23 of a ziggurat)
146287 | Zig:23   | Got a scintillating tin ring
146289 | Zig:23   | Identified the ring of Asmutt {Dex+3 Stlth+} (You found it on level 23 of a ziggurat)
146300 | Zig:23   | Got a clouded crystal amulet
146301 | Zig:23   | Identified the amulet "Masihygunt" {+Rage Str+3 Int+4 Dex+2} (You found it on level 23 of a ziggurat)
146378 | Zig:24   | Entered Level 24 of a ziggurat
146433 | Zig:24   | Gained mutation: You are dopey. (Int -2) [a shining eye]
146468 | Zig:24   | Got a wavering bronze ring
146469 | Zig:24   | Identified the ring "Lupn" {+Blink MP+9} (You found it on level 24 of a ziggurat)
146472 | Zig:24   | Got a shimmering zirconium amulet
146473 | Zig:24   | Identified an amulet "Jyem" {Faith Dex+6} (You found it on level 24 of a ziggurat)
146539 | Zig:25   | Entered Level 25 of a ziggurat
146553 | Zig:25   | Noticed Cuselaem the pandemonium lord
146553 | Zig:25   | Noticed Gowkusut the pandemonium lord
146554 | Zig:25   | Noticed Sixagg the pandemonium lord
146554 | Zig:25   | Noticed Yrghigoush the pandemonium lord
146555 | Zig:25   | Noticed Fucve the pandemonium lord
146555 | Zig:25   | Noticed Zenekohe the pandemonium lord
146555 | Zig:25   | Noticed Haoxtau the pandemonium lord
146555 | Zig:25   | Noticed Qoedez the pandemonium lord
146555 | Zig:25   | Noticed Isyzxaint the pandemonium lord
146557 | Zig:25   | Noticed Vyshuxki the pandemonium lord
146559 | Zig:25   | Noticed Zawkuot the pandemonium lord
146559 | Zig:25   | Killed Sixagg the pandemonium lord
146559 | Zig:25   | Killed Fucve the pandemonium lord
146559 | Zig:25   | Killed Vyshuxki the pandemonium lord
146559 | Zig:25   | Killed Isyzxaint the pandemonium lord
146559 | Zig:25   | Killed Zawkuot the pandemonium lord
146560 | Zig:25   | Noticed Vuosch the pandemonium lord
146560 | Zig:25   | Killed Haoxtau the pandemonium lord
146560 | Zig:25   | Killed Vuosch the pandemonium lord
146560 | Zig:25   | Killed Yrghigoush the pandemonium lord
146560 | Zig:25   | Killed Zenekohe the pandemonium lord
146560 | Zig:25   | Killed Gowkusut the pandemonium lord
146560 | Zig:25   | Killed Qoedez the pandemonium lord
146561 | Zig:25   | Noticed Zoesoqej the pandemonium lord
146561 | Zig:25   | Killed Cuselaem the pandemonium lord
146576 | Zig:25   | Killed Zoesoqej the pandemonium lord
146577 | Zig:25   | Noticed Moastruga the pandemonium lord
146577 | Zig:25   | Noticed Noli Siosku the pandemonium lord
146583 | Zig:25   | Noticed Ifrelir the pandemonium lord
146592 | Zig:25   | Noticed Quaph the pandemonium lord
146592 | Zig:25   | Noticed Ciucrigh the pandemonium lord
146592 | Zig:25   | Noticed Utadgh the pandemonium lord
146612 | Zig:25   | Killed Utadgh the pandemonium lord
146614 | Zig:25   | Killed Quaph the pandemonium lord
146623 | Zig:25   | Killed Ciucrigh the pandemonium lord
146642 | Zig:25   | HP: 6/240 [Noli Siosku the pandemonium lord/great blast of fire (30)]
146642 | Zig:25   | Killed Noli Siosku the pandemonium lord
147202 | Zig:1    | Entered Level 1 of a ziggurat
147213 | Zig:2    | Entered Level 2 of a ziggurat
147236 | Zig:3    | Entered Level 3 of a ziggurat
147267 | Zig:4    | Entered Level 4 of a ziggurat
147302 | Zig:5    | Entered Level 5 of a ziggurat
147339 | Zig:6    | Entered Level 6 of a ziggurat
147388 | Zig:7    | Entered Level 7 of a ziggurat
147418 | Zig:7    | Identified Sif Muna's Compendium of Earth and Envenoming
147438 | Zig:8    | Entered Level 8 of a ziggurat
147473 | Zig:8    | Got a scorched bone amulet
147474 | Zig:8    | Identified the amulet of Surprise {Inacc +Fly rN+ Int-5 Stlth+} (You found it on level 8 of a ziggurat)
147491 | Zig:9    | Entered Level 9 of a ziggurat
147542 | Zig:9    | Got a pitted amber ring
147546 | Zig:9    | Identified the ring "Monuot" {*Tele rF+ rC+++ MR+ Stlth+} (You found it on level 9 of a ziggurat)
147579 | Zig:10   | Entered Level 10 of a ziggurat
147661 | Zig:11   | Entered Level 11 of a ziggurat
147668 | Zig:11   | Noticed Lairyt Jesm the pandemonium lord
147690 | Zig:11   | Killed Lairyt Jesm the pandemonium lord
147936 | Zig:12   | Entered Level 12 of a ziggurat
147957 | Zig:12   | Reached skill level 27 in Air Magic
148035 | Zig:13   | Entered Level 13 of a ziggurat
148121 | Zig:13   | Identified Sif Muna's Volume of Bewitching Companions
148127 | Zig:13   | Got a bound amber ring
148128 | Zig:13   | Identified the ring "Erieshru" {MP-9 Str+6 Dex+9 SInv} (You found it on level 13 of a ziggurat)
148144 | Zig:14   | Entered Level 14 of a ziggurat
148154 | Zig:14   | Noticed an ancient lich
148155 | Zig:14   | Noticed an ancient lich
148170 | Zig:14   | Killed an ancient lich
148174 | Zig:14   | Killed an ancient lich
148237 | Zig:15   | Entered Level 15 of a ziggurat
148333 | Zig:15   | Identified the Handbook of Creation and Transmutation
148342 | Zig:15   | Got a distressingly furry cloak
148353 | Zig:15   | Identified the cursed -4 cloak of Qymiun {rC+ Int+4} (You found it on level 15 of a ziggurat)
148367 | Zig:16   | Entered Level 16 of a ziggurat
148469 | Zig:16   | Identified Nusm's Grimoire of Toxic Orientation
148479 | Zig:16   | Learned a level 6 spell: Dispersal
148505 | Zig:16   | Reached skill level 1 in Translocations
148510 | Zig:17   | Entered Level 17 of a ziggurat
148522 | Zig:17   | Noticed Wesuxzia the pandemonium lord
148540 | Zig:17   | Killed Wesuxzia the pandemonium lord
148582 | Zig:17   | Got a bound bone ring
148583 | Zig:17   | Identified the ring "Xuasoelafi" {+Inv rPois rC+ Int+8 Stlth-} (You found it on level 17 of a ziggurat)
148596 | Zig:17   | Got a polished broad axe
148597 | Zig:17   | Identified the +10 broad axe of the Dungeon {pain, rN+ Dex+4 Stlth+} (You found it on level 17 of a ziggurat)
148608 | Zig:18   | Entered Level 18 of a ziggurat
148624 | Zig:18   | Noticed a juggernaut
148625 | Zig:18   | Noticed a juggernaut
148626 | Zig:18   | Noticed a juggernaut
148627 | Zig:18   | Noticed a juggernaut
148627 | Zig:18   | Noticed a juggernaut
148629 | Zig:18   | Noticed a juggernaut
148637 | Zig:18   | Killed a juggernaut
148648 | Zig:18   | Killed a juggernaut
148650 | Zig:18   | Killed a juggernaut
148653 | Zig:18   | Killed a juggernaut
148654 | Zig:18   | Killed a juggernaut
148660 | Zig:18   | Killed a juggernaut
148713 | Zig:18   | Got a crude jade amulet
148714 | Zig:18   | Identified an amulet of Vodka {Faith rElec MP-9 Stlth+} (You found it on level 18 of a ziggurat)
148760 | Zig:19   | Entered Level 19 of a ziggurat
148773 | Zig:19   | Noticed an ancient lich
148775 | Zig:19   | Killed an ancient lich
148852 | Zig:19   | Identified a ring of the Octopus King {rN+ AC+1 EV+1 Str+1 Int+1 Dex+1} (You found it on level 19 of a ziggurat)
148864 | Zig:20   | Entered Level 20 of a ziggurat
148875 | Zig:20   | Noticed a juggernaut
148876 | Zig:20   | Noticed a juggernaut
148876 | Zig:20   | Noticed a juggernaut
148880 | Zig:20   | Noticed a juggernaut
148884 | Zig:20   | Killed a juggernaut
148885 | Zig:20   | Killed a juggernaut
148886 | Zig:20   | Killed a juggernaut
148893 | Zig:20   | Killed a juggernaut
148951 | Zig:20   | Identified the +1 morningstar "Maes" {drain, rPois} (You found it on level 20 of a ziggurat)
148997 | Zig:21   | Entered Level 21 of a ziggurat
149012 | Zig:21   | Noticed Dozostru the pandemonium lord
149016 | Zig:21   | Reached skill level 27 in Spellcasting
149016 | Zig:21   | Killed Dozostru the pandemonium lord
149122 | Zig:21   | Reached skill level 5 in Translocations
149154 | Zig:21   | Lost mutation: You are dopey. (Int -2) [potion of mutation]
149154 | Zig:21   | Lost mutation: Potions are less effective at restoring your health. [potion of mutation]
149154 | Zig:21   | Lost mutation: You have supernaturally acute eyesight. (SInv) [potion of mutation]
149154 | Zig:21   | Gained mutation: You are dopey. (Int -2) [potion of mutation]
149154 | Zig:21   | Lost mutation: You are dopey. (Int -2) [potion of mutation]
149345 | Zig:22   | Entered Level 22 of a ziggurat
149360 | Zig:22   | Noticed an ancient lich
149366 | Zig:22   | Noticed an ancient lich
149367 | Zig:22   | Noticed an ancient lich
149367 | Zig:22   | Noticed an ancient lich
149369 | Zig:22   | Killed an ancient lich
149371 | Zig:22   | Killed an ancient lich
149371 | Zig:22   | Killed an ancient lich
149372 | Zig:22   | Killed an ancient lich
149421 | Zig:22   | Identified the Guide on Damaging Transmutation
149426 | Zig:22   | Identified the Volume of Harmful Envenoming
149436 | Zig:22   | Identified the ring "Camn" {+Blink rC+ Dex+4} (You found it on level 22 of a ziggurat)
149468 | Zig:23   | Entered Level 23 of a ziggurat
149495 | Zig:23   | Noticed an ancient lich
149496 | Zig:23   | Reached skill level 10 in Translocations
149496 | Zig:23   | Reached skill level 5 in Fire Magic
149500 | Zig:23   | Noticed an ancient lich
149507 | Zig:23   | Killed an ancient lich
149520 | Zig:23   | Killed an ancient lich
149578 | Zig:23   | Identified the ring of Circularity {rElec rPois rN+ MP+9} (You found it on level 23 of a ziggurat)
149597 | Zig:24   | Entered Level 24 of a ziggurat
149621 | Zig:24   | Reached skill level 10 in Fire Magic
149718 | Zig:24   | Identified the Handbook of Excruciating Translocation
149721 | Zig:24   | Identified the Reference Book on the Nocuous Arsonist
149730 | Zig:24   | Identified Sif Muna's Guide on Ignition and the Voyage
149746 | Zig:24   | Identified the ring "Awnixij" {Int+4 Dex+3} (You found it on level 24 of a ziggurat)
149752 | Zig:24   | Identified the ring of Fyakos {Wiz +Inv Str+3} (You found it on level 24 of a ziggurat)
149756 | Zig:25   | Entered Level 25 of a ziggurat
149778 | Zig:25   | Reached skill level 27 in Dodging
150088 | Zig:25   | Identified Sodayl's Grimoire of Enchanting Intoxication
150107 | Zig:25   | Identified the Collected Works on Freezing Darkness
150141 | Zig:26   | Entered Level 26 of a ziggurat
150201 | Zig:26   | Reached skill level 15 in Translocations
150246 | Zig:26   | Identified the ring "Oge Feo" {rElec rC+} (You found it on level 26 of a ziggurat)
150273 | Zig:26   | Identified Lehudib's Collected Works on Earthen Conjuration
150276 | Zig:26   | Identified the ring "Posor" {*Drain rPois rF+ Dex+4 Stlth+} (You found it on level 26 of a ziggurat)
150288 | Zig:27   | Entered Level 27 of a ziggurat
150428 | Zig:27   | Identified the ring of Virtue {Str+2 Stlth+} (You found it on level 27 of a ziggurat)
150432 | Zig:27   | Identified the Almanac of the Escort
150451 | Zig:27   | Identified the Reference Book on the Icy Mountains
150761 | D:11     | Learned a level 9 spell: Fire Storm
150770 | D:11     | Learned a level 8 spell: Lehudib's Crystal Spear
150779 | D:11     | Learned a level 8 spell: Ignition
150807 | D:11     | Learned a level 2 spell: Shroud of Golubria
150810 | D:11     | Learned a level 2 spell: Blink
150819 | D:11     | Learned a level 8 spell: Chain Lightning
150828 | D:11     | Learned a level 8 spell: Controlled Blink
150837 | D:11     | Learned a level 8 spell: Borgnjor's Revivification
150845 | D:11     | Learned a level 7 spell: Haunt
150874 | Zig:1    | Entered Level 1 of a ziggurat
150895 | Zig:2    | Entered Level 2 of a ziggurat
150924 | Zig:3    | Entered Level 3 of a ziggurat
150957 | Zig:3    | Identified the Volume of Dislocated Enhancements
150965 | Zig:4    | Entered Level 4 of a ziggurat
150989 | Zig:4    | Identified the Handbook of the Boosting Glacier
150994 | Zig:4    | Reached skill level 1 in Conjurations
150994 | Zig:4    | Reached skill level 1 in Summonings
150994 | Zig:4    | Reached skill level 1 in Earth Magic
151115 | Zig:5    | Entered Level 5 of a ziggurat
151151 | Zig:6    | Entered Level 6 of a ziggurat
151154 | Zig:6    | Noticed a juggernaut
151162 | Zig:6    | Killed a juggernaut
151195 | Zig:7    | Entered Level 7 of a ziggurat
151285 | Zig:8    | Entered Level 8 of a ziggurat
151349 | Zig:9    | Entered Level 9 of a ziggurat
151353 | Zig:9    | Noticed a juggernaut
151355 | Zig:9    | Noticed a juggernaut
151361 | Zig:9    | Reached skill level 5 in Conjurations
151362 | Zig:9    | Killed a juggernaut
151364 | Zig:9    | Killed a juggernaut
151386 | Zig:9    | Identified the ring of Xedogy {+Fly Int+6} (You found it on level 9 of a ziggurat)
151396 | Zig:9    | Identified the cursed +0 helmet of Eddugik {MR++} (You found it on level 9 of a ziggurat)
151412 | Zig:10   | Entered Level 10 of a ziggurat
151422 | Zig:10   | Noticed a greater mummy
151422 | Zig:10   | Noticed a greater mummy
151425 | Zig:10   | Killed a greater mummy
151437 | Zig:10   | Killed a greater mummy
151474 | Zig:10   | Identified the +11 broad axe of Fate {drain, Str+4} (You found it on level 10 of a ziggurat)
151493 | Zig:10   | Identified the amulet "Cilaim" {Spirit rC+ Int+5 Dex-2} (You found it on level 10 of a ziggurat)
151501 | Zig:10   | Identified the ring of Voklaj {rElec rF- rC+ SInv Stlth+} (You found it on level 10 of a ziggurat)
151595 | Zig:11   | Entered Level 11 of a ziggurat
151602 | Zig:11   | Noticed an ancient lich
151604 | Zig:11   | Noticed an ancient lich
151605 | Zig:11   | Noticed an ancient lich
151607 | Zig:11   | Noticed an ancient lich
151609 | Zig:11   | Killed an ancient lich
151613 | Zig:11   | Killed an ancient lich
151616 | Zig:11   | Killed an ancient lich
151624 | Zig:11   | Killed an ancient lich
151677 | Zig:12   | Entered Level 12 of a ziggurat
151687 | Zig:12   | Paralysed by a floating eye for 2 turns
151759 | Zig:13   | Entered Level 13 of a ziggurat
151768 | Zig:13   | Noticed a greater mummy
151771 | Zig:13   | Noticed a greater mummy
151775 | Zig:13   | Reached skill level 10 in Conjurations
151776 | Zig:13   | Noticed a greater mummy
151778 | Zig:13   | Killed a greater mummy
151779 | Zig:13   | Killed a greater mummy
151786 | Zig:13   | Killed a greater mummy
151806 | Zig:13   | Got a scintillating brass ring
151808 | Zig:13   | Identified the ring of Eternal Night {rN+ MR+ Str-4 Int+4 Dex+2} (You found it on level 13 of a ziggurat)
151846 | Zig:13   | Lost mutation: Your flesh is cold resistant. (rC+) [potion of mutation]
151846 | Zig:13   | Lost mutation: You are agile. (Dex +2) [potion of mutation]
151846 | Zig:13   | Lost mutation: Your flesh is very heat resistant. (rF++) [potion of mutation]
151846 | Zig:13   | Gained mutation: You occasionally shout uncontrollably at your foes. [potion of mutation]
151846 | Zig:13   | Gained mutation: You are resistant to hostile enchantments. (MR+) [potion of mutation]
151847 | Zig:13   | Lost mutation: You are resistant to hostile enchantments. (MR+) [potion of mutation]
151847 | Zig:13   | Lost mutation: You occasionally shout uncontrollably at your foes. [potion of mutation]
151847 | Zig:13   | Gained mutation: You possess an exceptional clarity of mind. [potion of mutation]
151847 | Zig:13   | Gained mutation: You are resistant to electric shocks. (rElec) [potion of mutation]
151847 | Zig:13   | Gained mutation: You have a pair of small horns on your head. [potion of mutation]
151847 | Zig:13   | Gained mutation: You are somewhat resistant to further mutation. [potion of mutation]
151848 | Zig:13   | Lost mutation: You possess an exceptional clarity of mind. [potion of mutation]
151848 | Zig:13   | Lost mutation: You have a pair of small horns on your head. [potion of mutation]
151848 | Zig:13   | Lost mutation: You are somewhat resistant to further mutation. [potion of mutation]
151848 | Zig:13   | Gained mutation: You are resistant to hostile enchantments. (MR+) [potion of mutation]
151848 | Zig:13   | Gained mutation: You are highly resistant to hostile enchantments. (MR++) [potion of mutation]
151848 | Zig:13   | Gained mutation: You possess an exceptional clarity of mind. [potion of mutation]
152058 | Zig:14   | Entered Level 14 of a ziggurat
152079 | Zig:14   | Paralysed by accursed screaming for 1 turns
152116 | Zig:14   | Identified Decyu's Collected Works on Bewitchment and Ice
152270 | Zig:15   | Entered Level 15 of a ziggurat
152278 | Zig:15   | Noticed an ancient lich
152281 | Zig:15   | Noticed an ancient lich
152284 | Zig:15   | Killed an ancient lich
152289 | Zig:15   | Killed an ancient lich
152340 | Zig:15   | Identified the Papyrus of Ashen Ice
152367 | Zig:16   | Entered Level 16 of a ziggurat
152376 | Zig:16   | Noticed Qaustam the pandemonium lord
152377 | Zig:16   | Noticed Goagevos the pandemonium lord
152378 | Zig:16   | Noticed Boterr the pandemonium lord
152379 | Zig:16   | Noticed Juvim the pandemonium lord
152379 | Zig:16   | Noticed Ocrum the pandemonium lord
152381 | Zig:16   | Noticed Kashrew the pandemonium lord
152381 | Zig:16   | Noticed Yninged the pandemonium lord
152381 | Zig:16   | Noticed Kaudut the pandemonium lord
152381 | Zig:16   | Killed Ocrum the pandemonium lord
152381 | Zig:16   | Killed Kaudut the pandemonium lord
152383 | Zig:16   | Killed Goagevos the pandemonium lord
152383 | Zig:16   | Killed Qaustam the pandemonium lord
152383 | Zig:16   | Killed Kashrew the pandemonium lord
152388 | Zig:16   | Killed Boterr the pandemonium lord
152393 | Zig:16   | Noticed Rant the pandemonium lord
152399 | Zig:16   | Killed Yninged the pandemonium lord
152413 | Zig:16   | Killed Rant the pandemonium lord
152426 | Zig:16   | Killed Juvim the pandemonium lord
152599 | Zig:17   | Entered Level 17 of a ziggurat
152666 | Zig:17   | Identified the Volume of Enhancements and the Volcanoes
152673 | Zig:17   | Identified the Handbook of Confrontation
152696 | Zig:17   | Identified the ring of Ephemeral Luck {*Tele rF+ rN+ Str+4 SInv} (You found it on level 17 of a ziggurat)
152713 | Zig:17   | Learned a level 7 spell: Ring of Flames
152723 | Zig:18   | Entered Level 18 of a ziggurat
152733 | Zig:18   | Noticed Cilem the pandemonium lord
152734 | Zig:18   | Noticed Badghaf the pandemonium lord
152734 | Zig:18   | Noticed Regalel the pandemonium lord
152736 | Zig:18   | Noticed Kipnais the pandemonium lord
152737 | Zig:18   | Noticed Nucoadgh the pandemonium lord
152739 | Zig:18   | Noticed Sukholit the pandemonium lord
152739 | Zig:18   | Noticed Cyrumus the pandemonium lord
152739 | Zig:18   | Noticed Qidisic the pandemonium lord
152739 | Zig:18   | Noticed Qaclog the pandemonium lord
152739 | Zig:18   | Noticed Todwitz the pandemonium lord
152740 | Zig:18   | Noticed Awahob the pandemonium lord
152740 | Zig:18   | Killed Badghaf the pandemonium lord
152747 | Zig:18   | Killed Nucoadgh the pandemonium lord
152747 | Zig:18   | Killed Qidisic the pandemonium lord
152765 | Zig:18   | Killed Cyrumus the pandemonium lord
152768 | Zig:18   | Killed Todwitz the pandemonium lord
152779 | Zig:18   | Killed Regalel the pandemonium lord
152789 | Zig:18   | Killed Awahob the pandemonium lord
152793 | Zig:18   | Killed Sukholit the pandemonium lord
152798 | Zig:18   | Killed Qaclog the pandemonium lord
152811 | Zig:18   | Killed Kipnais the pandemonium lord
152819 | Zig:18   | Killed Cilem the pandemonium lord
152870 | Zig:18   | Identified the ring of the Establishment {Ice rElec rN++ Int-4 Slay+3} (You found it on level 18 of a ziggurat)
152883 | Zig:18   | Identified the Tome of Aid
153032 | Zig:19   | Entered Level 19 of a ziggurat
153046 | Zig:19   | Noticed a greater mummy
153048 | Zig:19   | Killed a greater mummy
153049 | Zig:19   | Noticed a greater mummy
153049 | Zig:19   | Noticed a greater mummy
153050 | Zig:19   | Noticed a greater mummy
153050 | Zig:19   | Noticed a greater mummy
153050 | Zig:19   | Noticed a greater mummy
153050 | Zig:19   | Killed a greater mummy
153050 | Zig:19   | Killed a greater mummy
153051 | Zig:19   | Killed a greater mummy
153051 | Zig:19   | Killed a greater mummy
153051 | Zig:19   | Killed a greater mummy
153052 | Zig:19   | Noticed a greater mummy
153053 | Zig:19   | Noticed a greater mummy
153053 | Zig:19   | Noticed a greater mummy
153053 | Zig:19   | HP: 8/233 [mummy priest/divine providence (11)]
153057 | Zig:19   | Killed a greater mummy
153067 | Zig:19   | Noticed a greater mummy
153069 | Zig:19   | HP: 11/249 [??? (4)]
153075 | Zig:19   | Killed a greater mummy
153075 | Zig:19   | HP: 3/247 [greater mummy/divine providence (12)]
153078 | Zig:19   | Gained mutation: You are frail. (-10% HP) [mutagenic glow]
153086 | Zig:19   | Killed a greater mummy
153097 | Zig:19   | Killed a greater mummy
153097 | Zig:19   | Reached skill level 15 in Conjurations
153097 | Zig:19   | Reached skill level 15 in Fire Magic
153097 | Zig:19   | Killed a greater mummy
153477 | Zig:19   | Reached skill level 5 in Summonings
153606 | Zig:19   | Lost mutation: You are highly resistant to hostile enchantments. (MR++) [potion of mutation]
153606 | Zig:19   | Lost mutation: You are frail. (-10% HP) [potion of mutation]
153606 | Zig:19   | Lost mutation: You are resistant to hostile enchantments. (MR+) [potion of mutation]
153606 | Zig:19   | Lost mutation: You possess an exceptional clarity of mind. [potion of mutation]
153606 | Zig:19   | Gained mutation: Your spells are a little harder to cast, but a little more powerful. [potion of mutation]
153634 | Zig:19   | Lost mutation: Your spells are a little harder to cast, but a little more powerful. [potion of mutation]
153634 | Zig:19   | Lost mutation: You are resistant to electric shocks. (rElec) [potion of mutation]
153634 | Zig:19   | Gained mutation: You are somewhat resistant to further mutation. [potion of mutation]
153736 | Zig:20   | Entered Level 20 of a ziggurat
153752 | Zig:20   | Noticed Godou the pandemonium lord
153752 | Zig:20   | Noticed Qawnapn the pandemonium lord
153752 | Zig:20   | Noticed Vuuwy the pandemonium lord
153753 | Zig:20   | Noticed Esijus the pandemonium lord
153754 | Zig:20   | Noticed Tuipt the pandemonium lord
153755 | Zig:20   | Noticed Jisiufatre the pandemonium lord
153755 | Zig:20   | Noticed Zuywet the pandemonium lord
153756 | Zig:20   | Noticed Loish the pandemonium lord
153756 | Zig:20   | Noticed Xajeas the pandemonium lord
153758 | Zig:20   | Noticed Elaur the pandemonium lord
153758 | Zig:20   | Noticed Katuofuhy the pandemonium lord
153760 | Zig:20   | Noticed Izois the pandemonium lord
153760 | Zig:20   | Killed Plog the pandemonium lord
153761 | Zig:20   | Noticed Mazxis the pandemonium lord
153761 | Zig:20   | Noticed Hiosmuv the pandemonium lord
153769 | Zig:20   | Killed Godou the pandemonium lord
153769 | Zig:20   | Reached skill level 27 in Necromancy
153770 | Zig:20   | Killed Elaur the pandemonium lord
153771 | Zig:20   | Killed Katuofuhy the pandemonium lord
153771 | Zig:20   | Killed Hiosmuv the pandemonium lord
153773 | Zig:20   | Killed Jisiufatre the pandemonium lord
153773 | Zig:20   | Killed Tuipt the pandemonium lord
153773 | Zig:20   | Killed Mazxis the pandemonium lord
153774 | Zig:20   | Killed Xajeas the pandemonium lord
153775 | Zig:20   | Killed Esijus the pandemonium lord
153775 | Zig:20   | Killed Loish the pandemonium lord
153777 | Zig:20   | Killed Zuywet the pandemonium lord
153777 | Zig:20   | Killed Izois the pandemonium lord
153778 | Zig:20   | Killed Qawnapn the pandemonium lord
153788 | Zig:20   | Killed Vuuwy the pandemonium lord
153815 | Zig:20   | Identified the ring "Cimopp" {*Slow rC+ MR++} (You found it on level 20 of a ziggurat)
153940 | Zig:21   | Entered Level 21 of a ziggurat
153954 | Zig:21   | Noticed an ancient lich
153963 | Zig:21   | Noticed an ancient lich
153964 | Zig:21   | Killed an ancient lich
153972 | Zig:21   | Noticed an ancient lich
153977 | Zig:21   | Killed an ancient lich
153982 | Zig:21   | Gained mutation: Scrolls take you a little longer to read. [a shining eye]
153987 | Zig:21   | Killed an ancient lich
154027 | Zig:21   | Identified the cursed ring "Igisaagoeth" {*Slow rElec rPois rC+ AC-2 SInv} (You found it on level 21 of a ziggurat)
154034 | Zig:21   | Identified the Catalogue of Freezing Air
154063 | Zig:22   | Entered Level 22 of a ziggurat
154149 | Zig:22   | Identified the ring "Hoggiwu" {rF+ rC+ rN++ Int-5 SInv} (You found it on level 22 of a ziggurat)
154220 | Zig:22   | Identified the amulet "Lathiod" {Inacc Str+4} (You found it on level 22 of a ziggurat)
154234 | Zig:23   | Entered Level 23 of a ziggurat
154612 | Zig:23   | Lost mutation: You are somewhat resistant to further mutation. [potion of mutation]
154612 | Zig:23   | Lost mutation: Scrolls take you a little longer to read. [potion of mutation]
154612 | Zig:23   | Gained mutation: Scrolls take you a little longer to read. [potion of mutation]
154612 | Zig:23   | Gained mutation: Armour fits poorly on your strangely shaped body. [potion of mutation]
154612 | Zig:23   | Gained mutation: You occasionally shout uncontrollably at your foes. [potion of mutation]
154612 | Zig:23   | Gained mutation: You are robust. (+10% HP) [potion of mutation]
154613 | Zig:23   | Lost mutation: You occasionally shout uncontrollably at your foes. [potion of mutation]
154613 | Zig:23   | Lost mutation: Armour fits poorly on your strangely shaped body. [potion of mutation]
154613 | Zig:23   | Gained mutation: You have a pair of small horns on your head. [potion of mutation]
154613 | Zig:23   | Gained mutation: You can translocate small distances at will. [potion of mutation]
154613 | Zig:23   | Gained mutation: You have an increased reservoir of magic. (+10% MP) [potion of mutation]
154614 | Zig:23   | Lost mutation: Scrolls take you a little longer to read. [potion of mutation]
154614 | Zig:23   | Lost mutation: You have a pair of small horns on your head. [potion of mutation]
154614 | Zig:23   | Gained mutation: You have a pair of small antennae on your head. [potion of mutation]
154614 | Zig:23   | Gained mutation: Armour fits poorly on your strangely shaped body. [potion of mutation]
154614 | Zig:23   | Gained mutation: Your muscles are strong. (Str +2) [potion of mutation]
154615 | Zig:23   | Lost mutation: Armour fits poorly on your strangely shaped body. [potion of mutation]
154615 | Zig:23   | Lost mutation: You have an increased reservoir of magic. (+10% MP) [potion of mutation]
154615 | Zig:23   | Lost mutation: You can translocate small distances at will. [potion of mutation]
154615 | Zig:23   | Gained mutation: You are covered in fur. (AC +1) [potion of mutation]
154615 | Zig:23   | Gained mutation: You are agile. (Dex +2) [potion of mutation]
154616 | Zig:23   | Lost mutation: Your muscles are strong. (Str +2) [potion of mutation]
154616 | Zig:23   | Lost mutation: You are robust. (+10% HP) [potion of mutation]
154616 | Zig:23   | Lost mutation: You have a pair of small antennae on your head. [potion of mutation]
154616 | Zig:23   | Gained mutation: You tend to lose your temper in combat. [potion of mutation]
154616 | Zig:23   | Gained mutation: You evolve. [potion of mutation]
154616 | Zig:23   | Gained mutation: Your flesh is very heat resistant. (rF++) [potion of mutation]
154617 | Zig:23   | Lost mutation: You tend to lose your temper in combat. [potion of mutation]
154617 | Zig:23   | Lost mutation: You are agile. (Dex +2) [potion of mutation]
154617 | Zig:23   | Lost mutation: You evolve. [potion of mutation]
154617 | Zig:23   | Lost mutation: Your flesh is very heat resistant. (rF++) [potion of mutation]
154617 | Zig:23   | Lost mutation: You are covered in fur. (AC +1) [potion of mutation]
154617 | Zig:23   | Gained mutation: You are dopey. (Int -2) [potion of mutation]
154617 | Zig:23   | Lost mutation: You are dopey. (Int -2) [potion of mutation]
154634 | Zig:24   | Entered Level 24 of a ziggurat
154648 | Zig:24   | Noticed a greater mummy
154650 | Zig:24   | Noticed a greater mummy
154653 | Zig:24   | Noticed a greater mummy
154656 | Zig:24   | Noticed a greater mummy
154659 | Zig:24   | Noticed a greater mummy
154659 | Zig:24   | Noticed a greater mummy
154660 | Zig:24   | Noticed a greater mummy
154660 | Zig:24   | Noticed a greater mummy
154660 | Zig:24   | Noticed a greater mummy
154660 | Zig:24   | Noticed a greater mummy
154660 | Zig:24   | Noticed a greater mummy
154661 | Zig:24   | Noticed an ancient lich
154662 | Zig:24   | Noticed a greater mummy
154663 | Zig:24   | Killed a greater mummy
154663 | Zig:24   | Killed a greater mummy
154663 | Zig:24   | Killed a greater mummy
154663 | Zig:24   | Killed an ancient lich
154663 | Zig:24   | Killed a greater mummy
154663 | Zig:24   | Killed a greater mummy
154664 | Zig:24   | Killed a greater mummy
154664 | Zig:24   | Killed a greater mummy
154664 | Zig:24   | Killed a greater mummy
154695 | Zig:24   | Killed a greater mummy
154695 | Zig:24   | Killed a greater mummy
154695 | Zig:24   | Killed a greater mummy
154695 | Zig:24   | Killed a greater mummy
154713 | Zig:24   | Noticed a greater mummy
154714 | Zig:24   | Killed a greater mummy
154725 | Zig:24   | Noticed a greater mummy
154725 | Zig:24   | Noticed a greater mummy
154725 | Zig:24   | Noticed a greater mummy
154727 | Zig:24   | HP: 10/230 [greater mummy/divine providence (9)]
154728 | Zig:24   | Noticed a greater mummy
154728 | Zig:24   | Killed a greater mummy
154728 | Zig:24   | Killed a greater mummy
154732 | Zig:24   | Killed a greater mummy
154733 | Zig:24   | Killed a greater mummy
155095 | Zig:25   | Entered Level 25 of a ziggurat
155185 | Zig:25   | Identified the Papyrus of Battle Magic
155195 | Zig:25   | Identified Migg's Grimoire of Helpful Calling
155349 | Zig:26   | Entered Level 26 of a ziggurat
155414 | Zig:26   | Identified the Almanac of Igneous Dislocation
155417 | Zig:26   | Identified the ring "Oloefurch" {Fire MR+ SInv} (You found it on level 26 of a ziggurat)
155464 | Zig:26   | Reached skill level 5 in Earth Magic
155497 | Zig:26   | Identified the ring "Qelox" {rF+ AC+6} (You found it on level 26 of a ziggurat)
155511 | Zig:27   | Entered Level 27 of a ziggurat
155646 | Zig:27   | Identified the Handbook of Causality
155764 | D:11     | Gained mutation: Your spells are a little harder to cast, but a little more powerful. [potion of mutation]
155764 | D:11     | Gained mutation: You evolve. [potion of mutation]
156022 | Zot:1    | Entered Level 1 of the Realm of Zot
157448 | Zot:2    | Found a transporter.
157490 | Zot:2    | Found a transporter.
157520 | Zot:2    | Got a pitted ruby amulet
157521 | Zot:2    | Identified the amulet of Fiogh {Reflect rElec SH+5 Stlth+} (You found it on level 2 of the Realm of Zot)
157698 | Zot:2    | Noticed an orb of fire
157709 | Zot:2    | Killed an orb of fire
158915 | Zot:3    | Identified the +9 broad axe of Extremism {chop, +Rage} (You found it on level 3 of the Realm of Zot)
159675 | Zot:5    | Entered Level 5 of the Realm of Zot
159678 | Zot:5    | Gained mutation: You expend magic power (3 MP) to strengthen your wands. [an orb of fire]
159679 | Zot:5    | Noticed an orb of fire
159688 | Zot:5    | Killed an orb of fire
160177 | Zot:5    | Noticed an orb of fire
160178 | Zot:5    | Noticed an ancient lich
160182 | Zot:5    | Noticed an ancient lich
160185 | Zot:5    | Killed an orb of fire
160193 | Zot:5    | Killed an ancient lich
160203 | Zot:5    | Killed an ancient lich
160212 | Zot:5    | Reached skill level 10 in Earth Magic
160277 | Zot:5    | Noticed an ancient lich
160287 | Zot:5    | Noticed an ancient lich
160287 | Zot:5    | Killed an ancient lich
160313 | Zot:5    | Killed an ancient lich
160422 | Zot:5    | Noticed an orb of fire
160434 | Zot:5    | Gained mutation: You are frail. (-10% HP) [an orb of fire]
160435 | Zot:5    | Gained mutation: Your flesh is cold resistant. (rC+) [an orb of fire]
160446 | Zot:5    | Killed an orb of fire
160453 | Zot:5    | Gained mutation: Your natural rate of healing is unusually fast. [evolution]
160453 | Zot:5    | Lost mutation: You evolve. [end of evolution]
160457 | Zot:5    | Lost mutation: You expend magic power (3 MP) to strengthen your wands. [potion of mutation]
160457 | Zot:5    | Lost mutation: You are frail. (-10% HP) [potion of mutation]
160457 | Zot:5    | Lost mutation: Your spells are a little harder to cast, but a little more powerful. [potion of mutation]
160457 | Zot:5    | Gained mutation: You have a pair of small horns on your head. [potion of mutation]
160458 | Zot:5    | Lost mutation: You have a pair of small horns on your head. [potion of mutation]
160458 | Zot:5    | Lost mutation: Your natural rate of healing is unusually fast. [potion of mutation]
160458 | Zot:5    | Lost mutation: Your flesh is cold resistant. (rC+) [potion of mutation]
160458 | Zot:5    | Gained mutation: Your muscles are strong. (Str +2) [potion of mutation]
160458 | Zot:5    | Gained mutation: You tend to lose your temper in combat. [potion of mutation]
160458 | Zot:5    | Gained mutation: You have a pair of small horns on your head. [potion of mutation]
160459 | Zot:5    | Lost mutation: Your muscles are strong. (Str +2) [potion of mutation]
160459 | Zot:5    | Lost mutation: You tend to lose your temper in combat. [potion of mutation]
160459 | Zot:5    | Gained mutation: You are occasionally teleported next to monsters. [potion of mutation]
160459 | Zot:5    | Gained mutation: You are agile. (Dex +2) [potion of mutation]
160459 | Zot:5    | Gained mutation: Your spells are a little harder to cast, but a little more powerful. [potion of mutation]
160460 | Zot:5    | Lost mutation: You have a pair of small horns on your head. [potion of mutation]
160460 | Zot:5    | Lost mutation: Your spells are a little harder to cast, but a little more powerful. [potion of mutation]
160460 | Zot:5    | Gained mutation: Your mind is acute. (Int +2) [potion of mutation]
160460 | Zot:5    | Gained mutation: Your mind is very acute. (Int +4) [potion of mutation]
160460 | Zot:5    | Gained mutation: You can translocate small distances at will. [potion of mutation]
160461 | Zot:5    | Lost mutation: You can translocate small distances at will. [potion of mutation]
160461 | Zot:5    | Lost mutation: You are agile. (Dex +2) [potion of mutation]
160461 | Zot:5    | Lost mutation: Your mind is very acute. (Int +4) [potion of mutation]
160461 | Zot:5    | Lost mutation: Your mind is acute. (Int +2) [potion of mutation]
160461 | Zot:5    | Gained mutation: You are sometimes teleported next to monsters. [potion of mutation]
160461 | Zot:5    | Gained mutation: You are resistant to hostile enchantments. (MR+) [potion of mutation]
160461 | Zot:5    | Gained mutation: You have a beak for a mouth. [potion of mutation]
160462 | Zot:5    | Lost mutation: You are sometimes teleported next to monsters. [potion of mutation]
160462 | Zot:5    | Lost mutation: You are resistant to hostile enchantments. (MR+) [potion of mutation]
160462 | Zot:5    | Gained mutation: Armour fits poorly on your strangely shaped body. [potion of mutation]
160462 | Zot:5    | Gained mutation: You are agile. (Dex +2) [potion of mutation]
160463 | Zot:5    | Lost mutation: You are occasionally teleported next to monsters. [potion of mutation]
160463 | Zot:5    | Lost mutation: Armour fits poorly on your strangely shaped body. [potion of mutation]
160463 | Zot:5    | Lost mutation: You are agile. (Dex +2) [potion of mutation]
160463 | Zot:5    | Lost mutation: You have a beak for a mouth. [potion of mutation]
160463 | Zot:5    | Gained mutation: You evolve. [potion of mutation]
160463 | Zot:5    | Gained mutation: Armour fits poorly on your strangely shaped body. [potion of mutation]
160463 | Zot:5    | Gained mutation: You possess an exceptional clarity of mind. [potion of mutation]
160464 | Zot:5    | Lost mutation: You evolve. [potion of mutation]
160464 | Zot:5    | Lost mutation: You possess an exceptional clarity of mind. [potion of mutation]
160464 | Zot:5    | Lost mutation: Armour fits poorly on your strangely shaped body. [potion of mutation]
160464 | Zot:5    | Gained mutation: You are weak. (Str -2) [potion of mutation]
160464 | Zot:5    | Gained mutation: You are dopey. (Int -2) [potion of mutation]
160464 | Zot:5    | Gained mutation: You evolve. [potion of mutation]
160465 | Zot:5    | Lost mutation: You are weak. (Str -2) [potion of mutation]
160465 | Zot:5    | Lost mutation: You are dopey. (Int -2) [potion of mutation]
160465 | Zot:5    | Gained mutation: You have a beak for a mouth. [potion of mutation]
160465 | Zot:5    | Gained mutation: You have an increased reservoir of magic. (+10% MP) [potion of mutation]
160466 | Zot:5    | Lost mutation: You evolve. [potion of mutation]
160466 | Zot:5    | Gained mutation: Your spells are a little harder to cast, but a little more powerful. [potion of mutation]
160466 | Zot:5    | Gained mutation: Your flesh is cold resistant. (rC+) [potion of mutation]
160466 | Zot:5    | Lost mutation: Your spells are a little harder to cast, but a little more powerful. [potion of mutation]
160466 | Zot:5    | Gained mutation: You are covered in fur. (AC +1) [potion of mutation]
160467 | Zot:5    | Lost mutation: You are covered in fur. (AC +1) [potion of mutation]
160467 | Zot:5    | Lost mutation: Your flesh is cold resistant. (rC+) [potion of mutation]
160467 | Zot:5    | Lost mutation: You have a beak for a mouth. [potion of mutation]
160467 | Zot:5    | Lost mutation: You have an increased reservoir of magic. (+10% MP) [potion of mutation]
160467 | Zot:5    | Gained mutation: Your spells are a little easier to cast, but a little less powerful. [potion of mutation]
160467 | Zot:5    | Gained mutation: You have supernaturally acute eyesight. (SInv) [potion of mutation]
160467 | Zot:5    | Lost mutation: Your spells are a little easier to cast, but a little less powerful. [potion of mutation]
160467 | Zot:5    | Gained mutation: You possess an exceptional clarity of mind. [potion of mutation]
160499 | Zot:5    | Noticed an ancient lich
160505 | Zot:5    | Killed an ancient lich
160636 | Zot:5    | Noticed an ancient lich
160647 | Zot:5    | Killed an ancient lich
161073 | Zig:1    | Entered Level 1 of a ziggurat
161099 | Zig:2    | Entered Level 2 of a ziggurat
161137 | Zig:3    | Entered Level 3 of a ziggurat
161184 | Zig:4    | Entered Level 4 of a ziggurat
161231 | Zig:5    | Entered Level 5 of a ziggurat
161261 | Zig:5    | Identified the +3 ice dragon scales "Ciguirchu" {+Blink rF- rC++ MP+9} (You found it on level 5 of a ziggurat)
161280 | Zig:6    | Entered Level 6 of a ziggurat
161337 | Zig:7    | Entered Level 7 of a ziggurat
161369 | Zig:7    | Identified Nurchiul's Compendium of Ignition and Stones
161372 | Zig:7    | Got a twitching jade ring
161374 | Zig:7    | Identified the ring of Gaifisor {rPois MP+9 Int+4 Stlth-} (You found it on level 7 of a ziggurat)
161384 | Zig:8    | Entered Level 8 of a ziggurat
161387 | Zig:8    | Noticed an ancient lich
161388 | Zig:8    | Noticed an ancient lich
161389 | Zig:8    | Noticed an ancient lich
161395 | Zig:8    | Killed an ancient lich
161395 | Zig:8    | Reached skill level 27 in Fire Magic
161396 | Zig:8    | Killed an ancient lich
161397 | Zig:8    | Killed an ancient lich
161588 | Zig:9    | Entered Level 9 of a ziggurat
161658 | Zig:10   | Entered Level 10 of a ziggurat
161665 | Zig:10   | Noticed a greater mummy
161665 | Zig:10   | Noticed a greater mummy
161667 | Zig:10   | Noticed a greater mummy
161667 | Zig:10   | Noticed a greater mummy
161669 | Zig:10   | Killed a greater mummy
161669 | Zig:10   | Killed a greater mummy
161669 | Zig:10   | Killed a greater mummy
161671 | Zig:10   | Killed a greater mummy
161673 | Zig:10   | Noticed a greater mummy
161692 | Zig:10   | Killed a greater mummy
161717 | Zig:10   | Identified the +8 broad axe of Harmony {holy, rN+ MR+ Dex+2} (You found it on level 10 of a ziggurat)
161911 | Zig:11   | Entered Level 11 of a ziggurat
161933 | Zig:11   | HP: 12/249 [balrug/divine providence (14)]
161942 | Zig:11   | HP: 9/249 [balrug/divine providence (6)]
162175 | Zig:12   | Entered Level 12 of a ziggurat
162180 | Zig:12   | Noticed an ancient lich
162185 | Zig:12   | Killed an ancient lich
162187 | Zig:12   | Noticed an ancient lich
162190 | Zig:12   | Reached skill level 27 in Conjurations
162193 | Zig:12   | Killed an ancient lich
162250 | Zig:13   | Entered Level 13 of a ziggurat
162260 | Zig:13   | Reached skill level 15 in Earth Magic
162324 | Zig:13   | Got a crude steel ring
162325 | Zig:13   | Identified the ring of Qifaan {Fire *Drain +Blink rElec Slay+2} (You found it on level 13 of a ziggurat)
162333 | Zig:14   | Entered Level 14 of a ziggurat
162349 | Zig:14   | Reached skill level 10 in Stealth
162432 | Zig:15   | Entered Level 15 of a ziggurat
162501 | Zig:16   | Entered Level 16 of a ziggurat
162560 | Zig:16   | Got a transparent bone ring
162561 | Zig:16   | Identified the ring of Qusyipro {Ice +Inv rElec Dex-4} (You found it on level 16 of a ziggurat)
162564 | Zig:16   | Got a twitching glass ring
162565 | Zig:16   | Identified the ring of Yrgheamism {Ice +Inv Str+5 Slay+3} (You found it on level 16 of a ziggurat)
162567 | Zig:16   | Identified Vuerch's Disquisition on Good Luck and Feathers
162587 | Zig:17   | Entered Level 17 of a ziggurat
162628 | Zig:17   | Got an ancient steel ring
162629 | Zig:17   | Identified the ring of Pinozume {rPois rF+ MR+ Int-5 SInv} (You found it on level 17 of a ziggurat)
162637 | Zig:17   | Reached skill level 10 in Summonings
162668 | Zig:18   | Entered Level 18 of a ziggurat
162679 | Zig:18   | Reached skill level 15 in Stealth
162703 | Zig:18   | HP: 7/249 [Hell Sentinel/damnation (27)]
162706 | Zig:18   | HP: 1/249 [Hell Sentinel/damnation (3)]
162706 | Zig:18   | Hit by an earth elemental thrown by iron giant

Skill      XL: |  1  2  3  4  5  6  7  8  9 10 11 12 13 14 15 16 17 18 19 20 21 22 23 24 25 26 27 |
---------------+----------------------------------------------------------------------------------+-----
Axes           | 2 3 4 5 7 8 9 10 12 13 14 15 16 17 18 19 20 21 27 | 27.0
Armour         | 3 4 5 6 7 8 9 10 11 12 13 14 15 27 | 27.0
Shields        | 3 4 5 6 8 9 10 11 12 13 14 15 16 17 18 19 20 21 22 23 27 | 27.0
Dodging        | 1 2 3 27 | 27.0
Fighting       | 4 5 6 7 8 9 10 11 12 13 14 15 16 17 18 19 27 | 27.0
Unarmed Combat | 1 2 |  2.4
Invocations    | 5 7 9 11 12 14 15 16 17 18 19 20 21 22 23 24 25 27 | 27.0
Evocations     | 1 2 25 | 25.5
Stealth        | 1 2 15 | 15.6
Polearms       | 1 |  1.6
Spellcasting   | 27 | 27.0
Charms         | 18 | 18.9
Necromancy     | 27 | 27.0
Air Magic      | 27 | 27.0
Staves         | 2 |  2.3
Crossbows      | 1 |  1.0
Translocations | 26 | 26.3
Fire Magic     | 27 | 27.0
Conjurations   | 27 | 27.0
Summonings     | 10 | 10.0
Earth Magic    | 18 | 18.2

Action                   |  1- 3 |  4- 6 |  7- 9 | 10-12 | 13-15 | 16-18 | 19-21 | 22-24 | 25-27 || total
-------------------------+-------+-------+-------+-------+-------+-------+-------+-------+-------++-------
Melee: War axe           |   103 |   144 |   320 |   717 |  1570 |   123 |       |       |       ||  2977
       Kick              |       |       |   105 |   282 |   551 |   671 |   690 |   814 |  9193 || 12306
       Unarmed           |       |       |     5 |       |       |       |       |       |     2 ||     7
       Broad axe         |       |       |       |       |       |  1377 |  1709 |  1678 | 17027 || 21791
 Cast: Regeneration      |       |       |       |       |       |       |       |       |    92 ||    92
       Tornado           |       |       |       |       |       |       |       |       |    58 ||    58
       Song of Slaying   |       |       |       |       |       |       |       |       |    53 ||    53
       Ignition          |       |       |       |       |       |       |       |       |    43 ||    43
       Ring of Flames    |       |       |       |       |       |       |       |       |    10 ||    10
       Chain Lightning   |       |       |       |       |       |       |       |       |     9 ||     9
       Controlled Blink  |       |       |       |       |       |       |       |       |     3 ||     3
       Fire Storm        |       |       |       |       |       |       |       |       |     3 ||     3
       Blink             |       |       |       |       |       |       |       |       |     2 ||     2
Invok: Upheaval          |       |       |       |     2 |    16 |     3 |     5 |       |    92 ||   118
       Elemental Force   |       |       |       |       |     1 |       |       |       |     3 ||     4
       Disaster Area     |       |       |       |       |     1 |       |     3 |     2 |    76 ||    82
 Abil: Evoke Flight      |       |       |       |       |       |     1 |       |     4 |    12 ||    17
       Hurl Damnation    |       |       |       |       |       |       |       |       |     8 ||     8
Evoke: Wand              |       |       |       |    14 |     4 |       |       |       |     1 ||    19
       Horn of Geryon    |       |       |       |       |       |       |       |       |     5 ||     5
       Figurine of a zig |       |       |       |       |       |       |       |       |     3 ||     3
  Use: Scroll            |       |       |     4 |    10 |    13 |     5 |    15 |     9 |   135 ||   191
       Potion            |       |       |     1 |     3 |     4 |     2 |     1 |     2 |   146 ||   159
 Stab: Distracted        |       |       |       |       |       |     1 |     1 |       |     3 ||     5
       Confused          |       |       |       |       |       |       |     3 |       |       ||     3
       Held in net/web   |       |       |       |       |       |       |       |     1 |       ||     1
  Eat: Chunk             |     2 |     7 |    13 |    24 |    40 |    35 |    28 |    18 |   143 ||   310
       Royal jelly       |       |       |     1 |     1 |     1 |       |     1 |     2 |    18 ||    24
       Fruit             |       |       |     1 |     1 |     4 |     6 |     8 |    18 |    13 ||    51
       Meat ration       |       |       |       |       |       |       |       |     1 |    40 ||    41
       Bread ration      |       |       |       |       |       |       |       |       |     2 ||     2
Armor: Scale mail        |    51 |    25 |     6 |     1 |       |       |       |       |       ||    83
       Plate armour      |       |    71 |   146 |   360 |   484 |    22 |       |       |       ||  1083
       Skin              |       |       |     2 |       |       |       |       |       |       ||     2
       Crystal plate arm |       |       |       |       |       |   731 |   383 |   533 |  3656 ||  5303
Dodge: Dodged            |    21 |    28 |    50 |   118 |   191 |   177 |    56 |   157 |  2853 ||  3651
       Deflected         |       |       |       |       |    11 |     7 |    15 |    22 |   246 ||   301
Block: Shield            |    46 |    69 |   151 |   504 |  1288 |  1785 |       |       |       ||  3843
       Reflection        |       |       |       |       |     4 |    76 |   150 |   201 |   731 ||  1162
       Large shield      |       |       |       |       |       |   308 |  1768 |  2368 | 19798 || 24242
